 Dungeon Crawl Stone Soup version 0.31-a0-1111-ga3525b8 (webtiles) character file.

Game seed: 10629751718941092332

17704802 PurpleRed the Archmage (level 27, 174/174 HPs)
             Began as a Spriggan Conjurer on Dec 3, 2023.
             Was the Champion of Vehumet.
             Escaped with the Orb
             ... and 15 runes!
             The game lasted 06:22:00 (88268 turns).

PurpleRed the Archmage (Spriggan Conjurer)         Turns: 88268, Time: 06:22:01

Health: 174/174    AC:  9    Str:  5    XL:     27
Magic:  55/55      EV: 51    Int: 43    God:    Vehumet [******]
Gold:   11139      SH:  0    Dex: 23    Spells: 8/80 levels left

rFire   + + .        a - staff of Dithmenos's Anger {rF+ Str-4 Int+5 Stlth+ Necro Fire}
rCold   + . .        (shield currently unavailable)
rNeg    + + +        t - +0 robe "Kioroici" {rElec Regen+ Archmagi}
rPois   ∞            o - +3 crown of Dyrovepreva {rElec Int+2 SInv}
rElec   +            c - scarf {harm}
rCorr   .            (gloves unavailable)
SInv    +            (boots unavailable)
Will    +++++        C - amulet of Vitality {RegenMP++ Regen++}
Stlth   ++++         r - ring "Cuakeu Ypnu" {rF+ EV+5 Str+3 Dex+3}
HPRegen 2.89/turn    M - ring of Cijiog {Will+ Str+4 Int+6}
MPRegen 1.14/turn

%: harm (+30% outgoing, +20% incoming), archmagi
@: death-form, studying 7 skills, very quick
A: vile attack, torment immunity, no potions, very small, no large weapons,
unfitting armour, see invisible, speed 3, horns 1, iridescent scales 1, agile 1,
shaggy fur 1
0: Orb of Zot
}: 15/15 runes: serpentine, barnacled, slimy, silver, golden, iron, obsidian,
icy, bone, abyssal, demonic, glowing, magical, fiery, dark
a: Siphon Essence, Begin Untransformation, Renounce Religion


You escaped.
You worshipped Vehumet.
Vehumet was exalted by your worship.
You were an undying horror.
You visited 18 branches of the dungeon, and saw 87 of its levels.
You visited Pandemonium 1 time, and saw 15 of its levels.
You visited the Abyss 1 time.
You completed 2 ziggurats, and saw 54 of their levels.
You also visited: Ice Cave, Wizlab and Desolation.

You collected 17626 gold pieces.
You spent 6487 gold pieces at shops.

Inventory:

Hand Weapons
 b - a +9 quick blade of electrocution
 f - the +10 short sword of Blood-Lust {freeze, rC- Str+3 Int+3 Dex+8}
   (You found it on level 23 of a ziggurat)

   Str+3:     It affects your strength (+3).
   Int+3:     It affects your intelligence (+3).
   Dex+8:     It affects your dexterity (+8).
   rC-:       It makes you vulnerable to cold.
 P - the +8 autumn katana {manifold assault}
   (You found it on level 17 of a ziggurat)
 Z - the +12 rapier "Unon Lek" {protect, rF+ rC+ Str+3 Int+3}
   (You found it on level 23 of a ziggurat)

   Str+3:     It affects your strength (+3).
   Int+3:     It affects your intelligence (+3).
   rF+:       It protects you from fire.
   rC+:       It protects you from cold.
Armour
 c - a scarf of harm (worn)
 d - the scarf of the Blind Marksman {repulsion, Regen+ Str+3 Dex-3}
   (You found it on level 17 of a ziggurat)

   Str+3:     It affects your strength (+3).
   Dex-3:     It affects your dexterity (-3).
   Regen+:    It increases your rate of health regeneration.
 k - the +2 cloak of the Thief {*Fog Slay-2 SInv Stlth+}
   (You found it on level 4 of a ziggurat)

   *Fog:      It may release a thick cloud of smoke when the wearer is hurt.
   Slay-2:    It affects your accuracy & damage with ranged weapons and melee
   (-2).
   SInv:      It lets you see invisible.
   Stlth+:    It makes you more stealthy.
 o - the +3 crown of Dyrovepreva (worn) {rElec Int+2 SInv}
   (You found it on level 25 of a ziggurat)

   Int+2:     It affects your intelligence (+2).
   rElec:     It insulates you from electricity.
   SInv:      It lets you see invisible.
 t - the +0 robe "Kioroici" (worn) {rElec Regen+ Archmagi}
   (You found it on level 27 of a ziggurat)

   rElec:     It insulates you from electricity.
   Regen+:    It increases your rate of health regeneration.
   Archmagi:  It increases the power of your magical spells.
 u - the +2 shadow dragon scales "Numy" {rN++ Int+3 Stlth++++}
   (You found it in a wizard's laboratory)

   Int+3:     It affects your intelligence (+3).
   rN++:      It greatly protects you from negative energy.
   Stlth++++: It makes you much more stealthy.
 B - the +2 hood of the Assassin {Detect Stab+ Stlth++}
   (You found it on level 3 of the Crypt)

   Detect:    It allows the wearer to sense nearby creatures.
   Stab+:     It allows the wearer to make particularly effective stabbing
   attacks against helpless or unaware enemies with any weapon.
   Stlth++:   It makes you much more stealthy.
Magical Staves
 a - the staff of Dithmenos's Anger (weapon) {rF+ Str-4 Int+5 Stlth+ Necro Fire}
   (You found it on level 20 of a ziggurat)

   [staff of fire]

   Base accuracy: +5 Base damage: 5 Base attack delay: 1.2 This weapon's minimum
   attack delay (0.6) is reached at skill level 12.
   Str-4:     It affects your strength (-4).
   Int+5:     It affects your intelligence (+5).
   rF+:       It protects you from fire.
   Stlth+:    It makes you more stealthy.
   Necro:     It increases the power of your Necromancy spells.
   Fire:      It increases the power of your Fire spells.
   It falls into the 'Staves' category.
   It is a two-handed weapon.
 p - the staff of Ragnarok {Fly Conj}
   (You found it on level 15 of a ziggurat)

   [staff of conjuration]

   Base accuracy: +5 Base damage: 5 Base attack delay: 1.2 This weapon's minimum
   attack delay (0.6) is reached at skill level 12.
   Fly:       It grants you flight.
   Conj:      It increases the power of your Conjurations spells.
   It falls into the 'Staves' category.
   It is a two-handed weapon.
 K - the staff "Arhez" {Int+4 Dex+2 Earth}
   (You found it on level 5 of the Pits of Slime)

   [staff of earth]

   Base accuracy: +5 Base damage: 5 Base attack delay: 1.2 This weapon's minimum
   attack delay (0.6) is reached at skill level 12.
   Int+4:     It affects your intelligence (+4).
   Dex+2:     It affects your dexterity (+2).
   Earth:     It increases the power of your Earth spells.
   It falls into the 'Staves' category.
   It is a two-handed weapon.
Jewellery
 r - the ring "Cuakeu Ypnu" (left hand) {rF+ EV+5 Str+3 Dex+3}
   (You took it off a merfolk impaler on level 2 of the Shoals)

   [ring of evasion]

   EV+5:      It affects your evasion (+5).
   Str+3:     It affects your strength (+3).
   Dex+3:     It affects your dexterity (+3).
   rF+:       It protects you from fire.
 C - the amulet of Vitality (around neck) {RegenMP++ Regen++}
   (You found it on level 24 of a ziggurat)

   [amulet of magic regeneration]

   RegenMP:   It increases your rate of magic regeneration.
   Regen++:   It increases your rate of health regeneration.
 E - the ring "Ataxoff" {+Blink rPois rCorr Str+6 Int-5}
   (You found it on level 7 of Cocytus)

   [ring of resist corrosion]

   Str+6:     It affects your strength (+6).
   Int-5:     It affects your intelligence (-5).
   rPois:     It protects you from poison +Blink: It lets you blink.
   rCorr:     It protects you from acid and corrosion.
 F - the amulet of Azaruh {Acrobat rPois Regen+ Str+2}
   (You found it on level 21 of a ziggurat)

   [amulet of the acrobat]

   Acrobat:   It increases your evasion while moving and waiting.
   Str+2:     It affects your strength (+2).
   rPois:     It protects you from poison Regen+: It increases your rate of
   health regeneration.
 M - the ring of Cijiog (right hand) {Will+ Str+4 Int+6}
   (You found it on level 12 of the Dungeon)

   [ring of intelligence]

   Str+4:     It affects your strength (+4).
   Int+6:     It affects your intelligence (+6).
   Will+:     It increases your willpower.
 N - the amulet of the Air {Inacc Air Fly rElec RMsl}
   (You found it on level 13 of the Dungeon)

   [amulet of nothing]

   Inacc:     It reduces the accuracy of your attacks and spells.
   Air:       It enhances your air magic.
   rElec:     It insulates you from electricity.
   Fly:       It grants you flight.
   RMsl:      It protects you from missiles.
 Q - the ring "Busiac" {rC+ Int+4 Dex+4}
   (You found it on level 19 of a ziggurat)

   [ring of protection from cold]

   Int+4:     It affects your intelligence (+4).
   Dex+4:     It affects your dexterity (+4).
   rC+:       It protects you from cold.
 R - the ring "Wiwuma" {rPois MP+9 Int+2 Dex-2}
   (You found it on level 25 of a ziggurat)

   [ring of magical power]

   Int+2:     It affects your intelligence (+2).
   Dex-2:     It affects your dexterity (-2).
   rPois:     It protects you from poison MP+9: It affects your magic capacity
   (+9).
 V - the amulet of the Four Winds {rN+ Will+++ Clar}
   (You found it on level 27 of a ziggurat)

   [amulet of nothing]

   rN+:       It protects you from negative energy.
   Will+++:   It greatly increases your willpower.
   Clar:      It protects you from confusion, rage, mesmerisation and fear.
 Y - the amulet of the Sky {rF++ rC- Regen+ Dex+3}
   (You found it on level 18 of a ziggurat)

   [amulet of regeneration]

   Dex+3:     It affects your dexterity (+3).
   rF++:      It greatly protects you from fire.
   rC-:       It makes you vulnerable to cold.
   Regen+:    It increases your rate of health regeneration.
Talismans
 l - a talisman of death (active)
Wands
 n - a wand of roots (200)
 y - a wand of quicksilver (125)
 I - a wand of digging (84)
Scrolls
 e - 26 scrolls of blinking
 j - 14 scrolls of fear
 m - 10 scrolls of amnesia
 s - 30 scrolls of fog
 z - 41 scrolls of enchant armour
 A - 21 scrolls of immolation
 D - 6 scrolls of revelation
 G - 76 scrolls of teleportation
Potions
 g - 35 potions of curing
 i - 13 potions of heal wounds
 q - 4 potions of ambrosia
 v - 5 potions of invisibility
 w - 5 potions of cancellation
 H - 9 potions of enlightenment
 J - 41 potions of mutation
 L - 4 potions of haste
 S - 13 potions of magic
 U - 3 potions of brilliance
 W - 3 potions of resistance
 X - 6 potions of might
Miscellaneous
 h - a lightning rod (4/4)
 x - 2 +2 figurines of a ziggurat


   Skills:
 O Level 27 Fighting
 - Level 17.7(20.0) Short Blades
 - Level 12.3(14.9) Long Blades
 - Level 18.0 Armour
 O Level 27 Dodging
 O Level 27 Stealth
 O Level 27 Spellcasting
 O Level 27 Conjurations
 - Level 5.0 Hexes
 - Level 5.0 Necromancy
 - Level 2.0 Translocations
 - Level 20.0 Fire Magic
 - Level 20.0 Air Magic
 + Level 25.8 Earth Magic
 - Level 4.0 Poison Magic
 O Level 27 Evocations
 O Level 27 Shapeshifting


You had 8 spell levels left.
You knew the following spells:

 Your Spells              Type           Power      Damage    Failure   Level
a - Orb of Destruction    Conj           81%        9d18      0%          7
b - Ignition              Fire           87%        3d22      1%          8
c - Chain Lightning       Conj/Air       78%        3d104     1%          9
d - Iskenderun's Mystic   Conj/Tloc      100%       2d19      0%          4
e - Fire Storm            Conj/Fire      91%        8d23      1%          9
f - Lehudib's Crystal Sp  Conj/Erth      81%        10d18     1%          8
g - Fireball              Conj/Fire      91%        3d33      0%          5
h - Magic Dart            Conj           100%       1d8       0%          1
i - Fulminant Prism       Conj/Hex       69%        3d27      0%          4
j - Blink                 Tloc           100%       N/A       1%          2
k - Stone Arrow           Conj/Erth      100%       3d13      0%          3
l - Apportation           Tloc           100%       N/A       1%          1
s - Shatter               Erth           80%        3d58*     1%          9
x - Sublimation of Blood  Necr           100%       N/A       1%          2

Your spell library contained the following spells:

 Spells                   Type           Power      Damage    Failure   Level
 Foxfire                  Conj/Fire      100%       2x1d9     0%          1
 Kiss of Death            Conj/Necr      100%       2d13      0%          1
 Sandblast                Erth           100%       2d20      0%          1
 Shock                    Conj/Air       100%       1d9       0%          1
 Cigotuvi's Dreadful Rot  Necr/Pois/Air  100%       N/A       0%          2
 Momentum Strike          Conj/Tloc      100%       3d10      0%          2
 Passwall                 Tmut/Erth      100%       N/A       0%          2
 Poisonous Vapours        Pois/Air       100%       N/A       0%          2
 Scorch                   Fire           100%       2d9       0%          2
 Searing Ray              Conj           100%       2d8       0%          2
 Static Discharge         Conj/Air       100%       3-8/arc   0%          2
 Dazzling Flash           Conj/Hex       100%       N/A       0%          3
 Hailstorm                Conj/Ice       100%       3d20      0%          3
 Inner Flame              Hex/Fire       100%       N/A       0%          3
 Mephitic Cloud           Conj/Pois/Air  100%       N/A       0%          3
 Swiftness                Air            100%       N/A       0%          3
 Volatile Blastmotes      Fire/Tloc      100%       2d18      0%          3
 Airstrike                Air            74%        2d(11-27) 0%          4
 Animate Armour           Summ/Erth      100%       N/A       0%          4
 Brom's Barrelling Bould  Conj/Erth      100%       2d11      0%          4
 Flame Wave               Conj/Fire      100%       2d21      0%          4
 Leda's Liquefaction      Hex/Erth       68%        N/A       0%          4
 Petrify                  Tmut/Erth      100%       N/A       0%          4
 Sticky Flame             Conj/Fire      100%       2d11      0%          4
 Arcjolt                  Conj/Air       78%        1d88      0%          5
 Borgnjor's Vile Clutch   Necr/Erth      81%        N/A       0%          5
 Freezing Cloud           Conj/Ice/Air   69%        6-21      0%          5
 Iskenderun's Battlesphe  Conj           100%       2d15      0%          5
 Lee's Rapid Deconstruct  Erth           80%        3d36*     0%          5
 Bombard                  Conj/Erth      81%        9d13      0%          6
 Conjure Ball Lightning   Conj/Air       78%        3x3d30    0%          6
 Plasma Beam              Fire/Air       87%        2x1d106   0%          6
 Starburst                Conj/Fire      91%        6d23      0%          6
 Freeze                   Ice            100%       1d10      1%          1
 Necrotise                Necr           100%       1d9       1%          1
 Slow                     Hex            100%       N/A       1%          1
 Sting                    Tmut/Pois      100%       1d8       1%          1
 Summon Small Mammal      Summ           100%       N/A       1%          1
 Call Imp                 Summ           100%       N/A       1%          2
 Ensorcelled Hibernation  Hex/Ice        100%       N/A       1%          2
 Jinxbite                 Hex            100%       N/A       1%          2
 Lesser Beckoning         Tloc           100%       N/A       1%          2
 Wereblood                Tmut           72%        N/A       1%          2
 Call Canine Familiar     Summ           72%        N/A       1%          3
 Confusing Touch          Hex            100%       N/A       1%          3
 Frozen Ramparts          Ice            100%       1d16      1%          3
 Gell's Gravitas          Tloc           85%        N/A       1%          3
 Ignite Poison            Fire/Tmut/Pois 100%       N/A       1%          3
 Ozocubu's Armour         Ice            72%        N/A       1%          3
 Sigil of Binding         Hex            100%       N/A       1%          3
 Summon Guardian Golem    Hex/Summ       87%        N/A       1%          3
 Teleport Other           Tloc           85%        N/A       1%          3
 Tukima's Dance           Hex            100%       N/A       1%          3
 Vampiric Draining        Necr           100%       2d13      1%          3
 Anguish                  Hex/Necr       61%        N/A       1%          4
 Animate Dead             Necr           100%       N/A       1%          4
 Cause Fear               Hex            50%        N/A       1%          4
 Dimensional Bullseye     Hex/Tloc       46%        N/A       1%          4
 Dispel Undead            Necr           100%       3d31      1%          4
 Manifold Assault         Tloc           85%        N/A       1%          4
 Olgreb's Toxic Radiance  Pois           95%        N/A       1%          4
 Passage of Golubria      Tloc           85%        N/A       1%          4
 Summon Lightning Spire   Summ/Air       100%       N/A       1%          4
 Vhi's Electric Charge    Tloc/Air       100%       N/A       1%          4
 Agony                    Necr           100%       N/A       1%          5
 Irradiate                Conj/Tmut      65%        3d33      1%          5
 Silence                  Hex/Air        64%        N/A       1%          5
 Yara's Violent Unravell  Hex/Tmut       43%        3d17      1%          5
 Spellforged Servitor     Conj/Summ      65%        N/A       1%          7
 Maxwell's Capacitive Co  Air            74%        ∞         1%          8
 Summon Ice Beast         Ice/Summ       72%        N/A       2%          4
 Metabolic Englaciation   Hex/Ice        43%        N/A       2%          5
 Summon Mana Viper        Hex/Summ       87%        N/A       2%          5
 Alistair's Intoxication  Tmut/Pois      56%        N/A       3%          5
 Summon Forest            Summ/Tloc      39%        N/A       4%          5
 Death Channel            Necr           61%        N/A       4%          6
 Eringya's Noxious Bog    Tmut/Pois      42%        4d6       4%          6
 Simulacrum               Ice/Necr       54%        N/A       14%         6
 Dispersal                Tloc           42%        N/A       17%         6
 Enfeeble                 Hex            50%        N/A       26%         7
 Summon Cactus Giant      Summ           36%        N/A       36%         6
 Ozocubu's Refrigeration  Ice            36%        4d15      45%         7
 Haunt                    Necr/Summ      54%        N/A       58%         7
 Malign Gateway           Summ/Tloc      39%        N/A       80%         7
 Monstrous Menagerie      Summ           36%        N/A       91%         7
 Summon Hydra             Summ           36%        N/A       91%         7
 Borgnjor's Revivificati  Necr           61%        N/A       91%         8
 Discord                  Hex            50%        N/A       91%         8
 Infestation              Necr           61%        N/A       91%         8
 Disjunction              Tloc           42%        N/A       100%        8
 Summon Horrible Things   Summ           36%        N/A       100%        8
 Dragon's Call            Summ           36%        N/A       100%        9
 Polar Vortex             Ice            36%        12d4*     100%        9


Dungeon Overview and Level Annotations

Branches:
Dungeon (15/15)            Temple (1/1) D:5            Lair (5/5) D:11
 Shoals (4/4) Lair:2        Snake (4/4) Lair:2        Slime (5/5) Lair:4
    Orc (2/2) D:11            Elf (3/3) Orc:2        Vaults (5/5) D:14
  Crypt (3/3) Vaults:3       Tomb (3/3) Crypt:3      Depths (4/4) D:15
   Hell (visited)             Dis (7/7) Hell            Geh (7/7) Hell
    Coc (7/7) Hell            Tar (7/7) Hell            Zot (5/5) Depths:4
  IceCv (visited)          WizLab (visited)         Desolation (visited)

Altars:
Ashenzari
Cheibriados
Dithmenos
Elyvilon
Fedhas
Gozag
Hepliaklqana
Kikubaaqudgha
Makhleb
Nemelex Xobeh
Okawaru
Qazlal
Ru
Sif Muna
Trog
Uskayaw
Vehumet
Wu Jian
Xom
Yredelemnul
Zin
The Shining One

Shops:
D:5 :   D:8 *   D:12 (   D:13 (   Orc:2 [(=?   Elf:1 ?   Elf:2 *=::   Elf:3 =
Snake:3 =!=!   Vaults:1 *   Vaults:3 [   Vaults:5 =   Depths:3 ![*   Depths:4 *

Portals:
Hell: Depths:1 Depths:2 Depths:3 Depths:4
Abyss: Crypt:3 Depths:1 Depths:3
Pandemonium: Depths:2

Annotations:
Elf:2 3 runed translucent doors


Innate Abilities, Weirdness & Mutations

You are an undying horror.
Your melee and unarmed attacks drain, slow and weaken victims.
You are immune to unholy pain and torment.
You cannot drink.
You are immune to poison.
You are very small and have problems with some larger weapons.
You are too small for most types of armour.
You have supernaturally acute eyesight. (SInv)
You cover ground extremely quickly. (Speed+++)
You have a pair of small horns on your head.
You are partially covered in iridescent scales. (AC +2)
You are agile. (Dex +4, Str/Int -1)
You are covered in fur. (AC +1)


Message History

There is a stone staircase leading down here.
There is a stone staircase leading up here.
You climb upwards.
There is a stone staircase leading down here.
There is a stone staircase leading up here.
You climb upwards.
There is a stone staircase leading down here.
There is a stone staircase leading up here.
You climb upwards.
A blizzard demon comes into view.
There is a stone staircase leading down here.
Casting: Shatter (mildly dangerous; 1% risk of failure)
Confirm with . or Enter, or press ? or * to list all spells.
Aiming: Fireball (safe; 0% risk of failure)
Press: ? - help, Shift-Dir - straight line You feel a strong surge of power!
The fireball explodes!
The fireball engulfs the blizzard demon!!!!
The blizzard demon is burned terribly!
You kill the blizzard demon!
Vehumet accepts your kill.
You feel your power returning.
Aiming: Dig
Press: ? - help, Shift-Dir - straight line A rock wall.
This square is covered in magical glow.
The rock shatters into small pieces.
Casting: Fireball (safe; 0% risk of failure)
Confirm with . or Enter, or press ? or * to list all spells.
You feel a surge of power!
The dungeon rumbles!
Ka-crash!
There is a staircase leading out of the dungeon here.
You start resting.
Magic restored.
You start resting.
Magic restored.
Okay, then.
Casting: Shatter (mildly dangerous; 1% risk of failure)
Confirm with . or Enter, or press ? or * to list all spells.
Okay, then.
You have escaped!

#.# #.....# #.# #.####
###.### #.#
#######.##.##### #.. #.#
........##.#8.8###.# #.#
##########......##.## ###.#
#......#...# #...# #######
#......##.##.##..#######
......# #................#
#...
#####.####......z.##.####[#
#.## #.##.........## # #.#
#.# #.##.#......## #.# #.#
#####.##.#......# ###.# #.#
.....#..........# #...# #.#
#####.####.#..8## #.### #.#
##.# #..#.### #.# #†# #..#
#.########## #.# #)## #.##
#..........# #.# #...


There were no monsters in sight!

Vanquished Creatures
  Cerebov (Pan)
  Asmodeus (Geh:7)
  Antaeus (Coc:7)
  the Royal Jelly (Slime:5)
  Gloorx Vloq (Pan)
  Ignacio (Pan)
  Lom Lobon (Pan)
  Mnoleg (Pan)
  16 dread liches
  Dispater (Dis:7)
  19 ancient liches
  Mara (Depths:2)
  Mennas (Depths:4)
  11 orbs of fire
  7 juggernauts
  95 royal mummies
  Sojobo (Depths:4)
  5 Killer Klowns (Zot:5)
  Boris (Depths:3)
  Frederick (Depths:4)
  6 pandemonium lords
  29 shard shrikes
  3 curse toes
  Margery (Depths:3)
  Saint Roka (Orc:2)
  Vashnia (Snake:4)
  31 caustic shrikes
  14 golden dragons
  Geryon (Hell)
  14 bone dragons
  10 profane servitors
  17 iron giants
  12 doom hounds
  10 Tzitzimimeh
  22 Brimstone Fiends
  A spectral shard shrike (Tar:7)
  17 tentacled monstrosities
  21 hellephants
  47 Ice Fiends
  A walking earthen tome (Depths:2)
  15 tainted leviathans
  10 electric golems
  Zenata (Vaults:1)
  Grunn (Zot:4)
  2 deep elf blademasters (Elf:3)
  17 liches
  27 titans
  27 Orb Guardians
  13 searing wretches
  22 Hell Sentinels
  15 Executioners
  2 deep elf master archers (Elf:3)
  32 acid blobs
  6 death cobs
  21 sphinxes
  35 ancient champions
  10 quicksilver dragons
  20 tentacled starspawn
  2 krakens
  40 nagarajas
  A daeva (Zig:14)
  12 shadow dragons
  3 fenstrider witches
  9 tengu reavers
  21 storm dragons
  18 draconian monks
  Aizul (Snake:1)
  31 fire giants
  9 emperor scorpions (Zig:24)
  12 demonspawn warmongers
  14 revenants
  15 rockslimes
  26 azure jellies
  31 frost giants
  12 draconian knights
  35 narguns
  2 imperial myrmidons (Desolation)
  9 iron dragons
  13 quicksilver elementals
  12 deep elf sorcerers
  20 ghost moths
  17 orc warlords
  36 balrugs
  25 vault wardens
  17 draconian scorchers
  5 caustic shrike zombies
  Louise (Elf:2)
  12 shard shrike simulacra
  14 curse skulls
  A spectral juggernaut (Zig:21)
  24 draconian stormcallers
  25 cacodemons
  19 draconian annihilators
  17 draconian shifters
  16 ironbound preservers
  5 demonspawn corrupters
  An angel (Pan)
  7 juggernaut zombies
  4 deep elf elementalists
  15 ghouls
  19 very ugly things
  3 spriggan defenders
  13 reapers
  6 caustic shrike skeletons
  2 broodmothers (Zig:24)
  17 quicksilver oozes
  3 demonspawn blood saints
  3 juggernaut skeletons
  15 formless jellyfish
  21 war gargoyles
  23 elemental wellsprings
  8 deep elf demonologists
  37 stone giants
  16 vampire knights
  7 eleionomae
  5 demonspawn black suns
  An ophan (Abyss:3)
  10 putrid mouths
  4 lorocyprocas
  2 spectral titans
  A rockslime zombie (Crypt:2)
  32 bennus
  3 ironbound thunderhulks
  15 black draconians
  43 wendigos
  12 red draconians
  12 green draconians
  9 purple draconians
  6 bunyips
  12 dire elephants
  23 spark wasps
  18 white draconians
  4 deep elf annihilators
  19 eidola
  Snorg (Lair:4)
  79 mummy priests
  12 green deaths
  16 yellow draconians
  12 blizzard demons
  6 crystal guardians
  32 merfolk impalers
  A spectral quicksilver dragon (Tar:6)
  12 deep elf death magi
  21 yaktaur captains
  25 ettins
  2 quicksilver dragon zombies
  24 iron golems
  7 jiangshi
  4 shambling mangroves
  8 merfolk javelineers
  5 ragged hierophants (Desolation)
  3 spectral spriggans
  Josephine (Snake:1)
  6 deep elf high priests
  The ghost of Agrajag the Thaumaturge, a journeyman DECj of Vehumet (Lair:4)
  3 rakshasas
  Fannar (D:12)
  2 quicksilver dragon skeletons
  11 great orbs of eyes
  7 servants of whispers (Desolation)
  4 ghost crabs
  7 spriggan zombies
  32 vault guards
  14 entropy weavers
  14 ice dragons
  6 hell beasts
  12 fire dragons
  A merfolk avatar (Shoals:3)
  48 salamander tyrants
  A spectral tengu (Zig:21)
  10 juggernaut simulacra
  4 jorogumos (Zig:24)
  10 ironbound frosthearts
  6 death knights
  An ogre mage (Zig:10)
  17 caustic shrike simulacra
  16 spriggan air magi
  3 sphinx zombies
  8 boulder beetles
  13 merfolk aquamancers
  11 peacekeepers
  14 hydras
  7 two-headed ogres
  13 catoblepae
  2 alligator snapping turtles
  20 anacondas
  6 satyrs
  18 centaur warriors
  4 alligators
  3 radroaches (Zig:24)
  5 stokers
  3 fenstrider witch skeletons
  12 deep troll shamans
  6 tengu warriors
  6 death yaks
  126 death scarabs
  25 naga warriors
  20 vampire magi
  13 thrashing horrors
  A titan zombie (Zig:26)
  6 spriggan berserkers
  A spectral storm dragon (Zig:21)
  21 dancing weapons
  13 orc high priests
  6 sphinx skeletons
  22 sun demons
  6 occultists
  8 deep troll earth magi
  17 demonic crawlers
  A spectral naga (Tar:5)
  32 hell hogs
  23 shock serpents
  A spectral dire elephant (Tar:4)
  Urug (Lair:1)
  32 naga sharpshooters
  20 sixfirhies
  Sonja (Lair:4)
  21 soul eaters
  4 titan skeletons
  31 hell knights
  22 sea snakes
  13 wretched stars
  3 storm dragon zombies
  10 spriggans
  18 deep elf knights
  8 crystal echidnas
  19 skysharks
  37 skeletal warriors
  6 spatial maelstroms
  5 fire crabs (Zig:11)
  19 iron trolls
  8 quicksilver dragon simulacra
  3 goliath frogs
  Lodul (D:12)
  A death drake (shapeshifter) (Zig:10)
  A pharaoh ant (Zig:24)
  3 death drakes
  A bunyip zombie (Tomb:1)
  13 shadow wraiths
  6 spriggan druids
  5 salamander mystics
  3 storm dragon skeletons
  3 golden dragon zombies
  5 shadow demons
  9 flayed ghosts
  7 glowing orange brains
  10 orange crystal statues
  56 deep trolls
  7 swamp dragons
  4 orb spiders (Zig:24)
  3 shadow dragon zombies
  2 anaconda skeletons
  12 naga ritualists
  An anaconda zombie (Crypt:2)
  An orb spider (shapeshifter) (Zig:20)
  14 arcanists
  20 phantasmal warriors
  10 deep elf archers
  5 golden dragon skeletons
  2 kraken simulacra (Coc:7)
  7 lindwurms
  5 steelbarb worms (Zig:24)
  8 obsidian statues
  28 harpies
  21 deep elf pyromancers
  6 bog bodies
  2 spectral hydras
  15 necromancers
  A jorogumo zombie (Crypt:3)
  2 tengu zombies
  22 ironbound convokers
  Pikel (D:7)
  12 orc knights
  11 mana vipers
  3 shadow dragon skeletons
  9 shining eyes
  20 salamanders
  A wolf spider zombie (D:13)
  19 starcursed masses
  18 deep elf zephyrmancers
  11 orc sorcerers
  4 iron dragon zombies
  3 oklob plants
  42 ugly things
  25 fauns
  A sphinx simulacrum (Depths:2)
  2 tengu skeletons
  7 will-o-the-wisps
  5 worldbinders
  3 stone giant zombies
  8 wolf spiders
  A spectral ettin (Tar:4)
  18 manticores
  19 kobold blastminers
  11 cyclopes
  7 centaur zombies
  2 naga zombies (Hell)
  62 black mambas
  6 elephants
  4 iron dragon skeletons
  18 moths of wrath
  6 merfolk sirens
  18 guardian serpents
  11 ice statues
  2 jorogumo skeletons (Crypt:3)
  29 naga magi
  10 torpor snails
  3 frost giant skeletons
  A spectral alligator snapping turtle (Tar:3)
  26 cane toads
  4 stone giant skeletons
  17 water nymphs
  5 apocalypse crabs
  11 rust devils
  16 molten gargoyles
  24 smoke demons
  2 unseen horrors (shapeshifter)
  6 eyes of devastation
  24 orange demons
  A gargoyle (Depths:3)
  5 storm dragon simulacra
  25 vault sentinels
  3 dire elephant skeletons
  6 titan simulacra
  Jeremiah (D:6)
  28 large abominations
  43 hellions
  11 rime drakes
  A centaur skeleton (Pan)
  A kobold demonologist (D:12)
  A yaktaur (shapeshifter) (Zig:20)
  2 bunyip simulacra
  A catoblepas zombie (Tomb:1)
  25 yaktaurs
  5 efreet
  14 freezing wraiths
  6 anaconda simulacra
  20 tormentors
  21 komodo dragons
  3 ancient zymes (Zig:14)
  A golden dragon simulacrum (Coc:7)
  3 tengu conjurers
  3 iron giant simulacra
  6 red devils
  A spectral glowing shapeshifter (Zig:21)
  A harpy zombie (Abyss:1)
  A death drake zombie (Crypt:1)
  16 ice devils
  Psyche (D:12)
  A bloated husk (Zig:2)
  146 guardian mummies
  3 spectral harpies (Tar:3)
  A meliai (Zig:24)
  43 merfolk
  7 hellwings
  2 polar bears
  4 shadow dragon simulacra
  Prince Ribbit (D:7)
  15 trolls
  7 tarantellas
  An ettin zombie (Crypt:2)
  5 harpy skeletons
  41 saltlings (Desolation)
  A tarantella (shapeshifter) (Depths:2)
  8 blink frogs
  3 tyrant leeches
  15 snapping turtles
  6 glass eyes
  21 hornets
  A hydra skeleton (Tomb:3)
  17 wind drakes
  An ice dragon zombie (Hell)
  5 raiju
  A culicivora zombie (Crypt:3)
  25 dream sheep
  162 slime creatures
  A stone giant simulacrum (Hell)
  13 jumping spiders
  76 flying skulls
  4 spriggan skeletons
  3 culicivoras (Zig:24)
  9 air elementals
  2 iron dragon simulacra
  18 ynoxinuls
  2 shadows (D:13)
  21 water elementals
  7 small abominations (Abyss:1)
  13 wraiths
  10 wyverns
  11 basilisks
  11 dire elephant simulacra
  4 fire bats (Pan)
  6 vampires
  2 fire elementals
  16 golden eyes
  62 yaks
  A steam dragon (Lair:3)
  44 ushabtiu
  5 vampire mosquitoes
  9 redbacks
  A death yak simulacrum (Orc:2)
  A warg (shapeshifter) (Vaults:5)
  24 neqoxecs
  2 alligator snapping turtle simulacra (Coc:1)
  13 chaos spawn
  40 nagas
  A demonspawn zombie (Tomb:3)
  20 wargs
  2 two-headed ogre zombies (WizLab)
  Edmund (D:6)
  A deep troll zombie (WizLab)
  16 harpy simulacra
  25 water moccasins
  5 acid dragons (Zig:9)
  2 glowing shapeshifter zombies
  6 hydra simulacra
  4 glowing shapeshifter skeletons
  7 hell hounds
  6 ettin simulacra
  8 black bears
  67 orc warriors
  5 ice beasts
  A swamp drake (Zig:9)
  A sky beast (D:7)
  An ogre (shapeshifter) (Zig:20)
  26 ogres
  2 boggarts (Depths:3)
  A black mamba simulacrum (Coc:1)
  A swamp dragon skeleton (WizLab)
  23 wolves
  A tengu (shapeshifter) (Elf:2)
  8 centaurs
  3 lemures (D:7)
  A phantom (D:6)
  A salamander zombie (Crypt:3)
  18 bullfrogs
  4 kobold brigands
  2 earth elementals
  A gnoll sergeant (D:5)
  A brain worm (Abyss:1)
  4 necrophages
  2 glowing shapeshifter simulacra
  4 two-headed ogre simulacra
  2 cane toad simulacra
  3 scorpions
  20 wights
  A cyclops zombie (Crypt:3)
  An elephant simulacrum (IceCv)
  A killer bee (shapeshifter) (D:15)
  17 killer bees
  2 swamp dragon simulacra
  6 howler monkeys
  A yak skeleton (Crypt:1)
  6 electric eels
  4 crimson imps (Zig:27)
  2 lava snakes (D:12)
  24 orc priests
  A jelly (Abyss:1)
  9 hounds
  2 sleepcaps
  A black bear zombie (Crypt:2)
  9 iron imps
  A black bear skeleton (Crypt:2)
  Natasha (thrice) (D:2)
  5 iguanas
  35 orc wizards
  5 spriggan simulacra
  10 human skeletons (Vaults:3)
  A polar bear simulacrum (Orc:2)
  A troll simulacrum (Orc:2)
  A deep dwarf zombie (Crypt:3)
  2 spectral hounds (Depths:3)
  A deep dwarf skeleton (Crypt:3)
  198 mummies
  20 gnolls
  16 adders
  An adder (shapeshifter) (Vaults:3)
  2 naga simulacra
  A shadow imp (D:8)
  5 white imps
  2 ufetubi
  An iguana skeleton (Crypt:2)
  A worm (D:2)
  6 dart slugs
  An orc (shapeshifter) (Vaults:3)
  119 orcs
  4 ball pythons
  4 bats
  8 endoplasms
  5 giant cockroaches
  41 goblins
  22 hobgoblins
  13 jackals
  4 quokkas
  A ball python zombie (Crypt:2)
  3 frilled lizards (D:1)
  31 kobolds
  4 rats
  A rat (shapeshifter) (Depths:1)
  A river rat skeleton (Crypt:3)
  A spectral orc (D:6)
  7 creeping infernos
  3 fire vortices
  A lurking horror (Abyss:1)
  5 starspawn tentacles
  5 tentacles
6133 creatures vanquished.

Vanquished Creatures (collateral kills)
  4 royal mummies
  An iron giant (Zig:16)
  Asterion (Elf:3)
  A titan (Zig:22)
  A tainted leviathan (Zig:21)
  5 acid blobs
  A shadow dragon (Depths:2)
  A draconian monk (Zig:25)
  A nargun (Zig:22)
  2 draconian scorchers
  A draconian knight (Zig:18)
  A deep elf elementalist (Elf:3)
  A cacodemon (Pan)
  A formless jellyfish (Zig:27)
  An ironbound preserver (Vaults:1)
  A very ugly thing (Depths:4)
  A stone giant (Depths:1)
  A purple draconian (Zig:20)
  A mummy priest (Zig:26)
  A peacekeeper (Desolation)
  A great orb of eyes (Slime:1)
  A hydra (Lair:4)
  An ice dragon (Depths:4)
  A spriggan skeleton (Zig:19)
  A boulder beetle (Vaults:1)
  2 death scarabs
  3 skysharks (Zig:25)
  A deep troll (Depths:4)
  A glowing orange brain (Depths:2)
  A necromancer (Depths:3)
  A lindwurm (Lair:4)
  A shadow dragon zombie (Zig:17)
  A shining eye (Zig:27)
  A gargoyle (Depths:3)
  2 yaktaurs
  An ice devil (Depths:3)
  A tengu conjurer (Depths:2)
  A guardian mummy (Zig:26)
  7 saltlings (Desolation)
  A glass eye (Depths:2)
  A blink frog (Zig:25)
  3 slime creatures
  A ynoxinul (Zig:19)
  A vampire (Depths:3)
  A neqoxec (Pan)
  An ice beast (Zig:18)
  An orc warrior (Zig:23)
  2 wolves
  4 starcursed masses (Zig:14)
  2 human skeletons (Vaults:3)
  13 mummies
  A kobold (Depths:3)
  A starspawn tentacle (Zig:14)
90 creatures vanquished.

Vanquished Creatures (others)
  An eldritch tentacle (Pan)
  A dancing weapon (Zig:13)
  A flayed ghost (Zig:26)
  A bunyip simulacrum (Coc:1)
  2 bloated husks (Zig:13)
  A tengu simulacrum (Zig:21)
  A chaos spawn (Depths:3)
  A human (D:10)
  1499 fire vortices
  2 foxfires (Zig:13)
  101 fulminant prisms
  11 starspawn tentacles
  11 tentacles
1633 creatures vanquished.

Grand Total: 7856 creatures vanquished

Notes
Turn   | Place    | Note
-------+----------+-------------------------------------------
     0 | D:1      | PurpleRed the Spriggan Conjurer began the quest for the
                  | Orb.
     0 | D:1      | Reached XP level 1. HP: 9/9 MP: 5/5
   311 | D:1      | Reached XP level 2. HP: 13/13 MP: 3/6
   314 | D:1      | Learned a level 2 spell: Searing Ray
   364 | D:1      | Reached skill level 1 in Hexes
   918 | D:1      | Reached XP level 3. HP: 16/16 MP: 6/8
  1399 | D:2      | Found a faded altar of an unknown god.
  1700 | D:2      | Reached XP level 4. HP: 21/21 MP: 5/10
  1705 | D:2      | Learned a level 4 spell: Fulminant Prism
  2076 | D:2      | Noticed Natasha
  2080 | D:2      | Killed Natasha
  2279 | D:2      | Reached XP level 5. HP: 24/24 MP: 6/11
  2408 | D:2      | Noticed Natasha
  2417 | D:2      | Killed Natasha
  2511 | D:2      | Noticed Natasha
  2516 | D:2      | Killed Natasha
  2822 | D:3      | Noticed a water moccasin
  2862 | D:3      | Killed a water moccasin
  2863 | D:3      | Reached XP level 6. HP: 28/28 MP: 1/13
  3565 | D:3      | Learned a level 4 spell: Iskenderun's Mystic Blast
  4125 | D:4      | Reached skill level 5 in Spellcasting
  4480 | D:4      | Reached skill level 5 in Conjurations
  4480 | D:4      | Reached XP level 7. HP: 32/32 MP: 6/16
  5393 | D:5      | Entered Level 5 of the Dungeon
  5446 | D:5      | Found a staircase to the Ecumenical Temple.
  5453 | Temple   | Entered the Ecumenical Temple
  5461 | Temple   | Became a worshipper of Vehumet
  5487 | D:5      | Found a snail-covered altar of Cheibriados.
  5515 | D:5      | Reached skill level 5 in Hexes
  5520 | D:5      | Learned a level 4 spell: Olgreb's Toxic Radiance
  5581 | D:5      | Found Ceggixek's Tremendous Tomes.
  5613 | D:5      | Reached skill level 1 in Poison Magic
  5784 | D:5      | Reached XP level 8. HP: 36/36 MP: 11/18
  6326 | D:5      | Found a hide-covered altar of Uskayaw.
  6635 | D:5      | Reached * piety under Vehumet
  6635 | D:5      | Offered knowledge of Foxfire by Vehumet.
  7032 | D:5      | Reached ** piety under Vehumet
  7032 | D:5      | Offered knowledge of Shock by Vehumet.
  7768 | D:6      | Offered knowledge of Static Discharge by Vehumet.
  7895 | D:6      | Found an ornate altar of the Wu Jian Council.
  7947 | D:6      | Reached XP level 9. HP: 39/39 MP: 11/22
  7949 | D:6      | Identified the +2 robe "Yngukoso" {rElec Regen+}
  8072 | D:6      | Reached skill level 1 in Translocations
  8190 | D:6      | Reached *** piety under Vehumet
  8196 | D:6      | Noticed Jeremiah
  8211 | D:6      | Killed Jeremiah
  8225 | D:6      | Noticed Edmund
  8261 | D:6      | Killed Edmund
  8262 | D:6      | Reached skill level 10 in Spellcasting
  8433 | D:6      | Found a basalt altar of Yredelemnul.
  9094 | D:7      | Offered knowledge of Stone Arrow by Vehumet.
  9103 | D:7      | Reached skill level 1 in Fighting
  9227 | D:7      | Found a broken altar of Ashenzari.
  9303 | D:7      | Noticed Prince Ribbit
  9320 | D:7      | Killed Prince Ribbit
  9598 | D:7      | Learned a level 3 spell: Stone Arrow
  9751 | D:7      | Noticed Pikel
  9765 | D:7      | Killed Pikel
  9766 | D:7      | Reached XP level 10. HP: 46/46 MP: 17/26
  9885 | D:7      | Reached **** piety under Vehumet
  9956 | D:7      | Offered knowledge of Fireball by Vehumet.
  9980 | D:7      | Learned a level 5 spell: Fireball
  9993 | D:7      | Found a hazy altar of Hepliaklqana.
  9994 | D:7      | Found a shimmering altar of Xom.
 10194 | D:8      | Found Zin's Purification Station.
 10196 | D:8      | Found a glowing silver altar of Zin.
 10234 | D:8      | Reached skill level 5 in Dodging
 10485 | D:8      | Noticed a two-headed ogre
 10512 | D:8      | Killed a two-headed ogre
 10513 | D:8      | Reached skill level 1 in Fire Magic
 11002 | D:8      | Noticed a two-headed ogre
 11016 | D:8      | Killed a two-headed ogre
 11017 | D:8      | Reached skill level 1 in Earth Magic
 11291 | D:9      | Noticed a boulder beetle
 11300 | D:9      | Killed a boulder beetle
 11421 | D:9      | Found a white marble altar of Elyvilon.
 11475 | D:9      | Reached XP level 11. HP: 50/50 MP: 20/29
 11872 | D:9      | Found a sacrificial altar of Ru.
 12219 | D:10     | Entered Level 10 of the Dungeon
 12221 | D:10     | Identified the +11 mace "Wyneo" {heavy, Dex+3}
 12340 | D:10     | Reached ***** piety under Vehumet
 12449 | D:10     | Offered knowledge of Ozocubu's Refrigeration by Vehumet.
 12546 | D:10     | Found an ancient bone altar of Kikubaaqudgha.
 12994 | D:11     | Noticed a two-headed ogre
 13023 | D:11     | Killed a two-headed ogre
 13169 | D:11     | Noticed a boulder beetle
 13190 | D:11     | Killed a boulder beetle
 13285 | D:11     | Found a staircase to the Lair.
 13345 | D:11     | Found a white marble altar of Elyvilon.
 13727 | D:11     | Reached skill level 5 in Fire Magic
 14164 | D:11     | Found a staircase to the Orcish Mines.
 14442 | D:12     | Noticed a two-headed ogre
 14454 | D:12     | Reached XP level 12. HP: 54/54 MP: 10/31
 14564 | D:12     | Reached skill level 15 in Spellcasting
 14564 | D:12     | Killed a two-headed ogre
 14682 | D:12     | Identified the ring of Cijiog {Will+ Str+4 Int+6}
 14812 | D:12     | Offered knowledge of Orb of Destruction by Vehumet.
 14828 | D:12     | Noticed Lodul
 14840 | D:12     | Killed Lodul
 14925 | D:12     | Learned a level 7 spell: Orb of Destruction
 15151 | D:12     | Noticed Fannar
 15155 | D:12     | Killed Fannar
 15232 | D:12     | Found Beexan's Weapon Shoppe.
 15302 | D:12     | Found a runed translucent door.
 15308 | D:12     | Found the +8 whip "Snakebite" {venom, curare, rPois}
 15452 | D:12     | Found a runed translucent gate.
 15453 | D:12     | Noticed a boulder beetle
 15461 | D:12     | Found a runed translucent gate.
 15462 | D:12     | Found a runed translucent gate.
 15462 | D:12     | Found a runed translucent gate.
 15462 | D:12     | Found a runed translucent gate.
 15463 | D:12     | Noticed a boulder beetle
 15464 | D:12     | Found a runed translucent gate.
 15585 | D:12     | Noticed Psyche
 15588 | D:12     | Killed Psyche
 16054 | D:12     | Killed a boulder beetle
 16057 | D:12     | Killed a boulder beetle
 16372 | D:12     | Identified the ring "Suzuhaf" {Fly rPois rN+ Str-5}
 16429 | D:13     | Found the amulet of the Air {Inacc Air Fly rElec RMsl}
 16702 | D:13     | Reached XP level 13. HP: 61/61 MP: 24/34
 17598 | D:13     | Found Feiss's Weapon Shoppe.
 18015 | Lair:1   | Entered Level 1 of the Lair of Beasts
 18429 | Lair:1   | You are sucked into a shaft and drop 1 floor!
 18637 | Lair:2   | Offered knowledge of Spellforged Servitor by Vehumet.
 18941 | Lair:2   | Found a staircase to the Snake Pit.
 18946 | Lair:2   | Reached skill level 10 in Dodging
 19099 | Lair:1   | Noticed Urug
 19109 | Lair:1   | Killed Urug
 19976 | Lair:2   | Found a staircase to the Shoals.
 20941 | D:5      | Bought the Folio of Ashes for 1344 gold pieces
 20950 | D:5      | Learned a level 8 spell: Ignition
 21564 | Lair:3   | Reached XP level 14. HP: 66/66 MP: 5/36
 22070 | Lair:3   | Offered knowledge of Conjure Ball Lightning by Vehumet.
 22422 | Lair:4   | Noticed Sonja
 22424 | Lair:4   | Killed Sonja
 22566 | Lair:4   | Noticed Snorg
 22603 | Lair:4   | Killed Snorg
 22604 | Lair:4   | Reached skill level 10 in Conjurations
 22936 | Lair:4   | Found a transporter.
 22936 | Lair:4   | Found a transporter.
 23104 | Lair:4   | Reached skill level 10 in Fire Magic
 23112 | Lair:4   | Found a staircase to the Slime Pits.
 23358 | Lair:4   | Noticed Agrajag's ghost (journeyman DECj)
 23625 | Lair:5   | Entered Level 5 of the Lair of Beasts
 24210 | Lair:5   | Identified the +10 orcbow of the Fox {drain, rElec rCorr
                  | MP+9 Int+2}
 25946 | D:14     | Reached XP level 15. HP: 70/70 MP: 28/38
 26417 | D:14     | Found a gate to the Vaults.
 26489 | D:15     | Entered Level 15 of the Dungeon
 27069 | D:15     | Offered knowledge of Freezing Cloud by Vehumet.
 27458 | D:15     | Found a staircase to the Depths.
 27821 | D:15     | Found an ornate altar of the Wu Jian Council.
 28053 | Orc:1    | Entered Level 1 of the Orcish Mines
 28342 | Orc:2    | Entered Level 2 of the Orcish Mines
 28342 | Orc:2    | Found a frozen archway.
 28567 | IceCv    | Entered an ice cave
 28579 | IceCv    | Reached ****** piety under Vehumet
 29423 | Orc:2    | Offered knowledge of Lee's Rapid Deconstruction by Vehumet.
 29685 | Orc:2    | Found Biamyck's Magic Scroll Shoppe.
 29718 | Orc:2    | Bought a scroll of blinking for 105 gold pieces
 29718 | Orc:2    | Bought 2 scrolls of fog for 112 gold pieces
 29773 | Orc:2    | Found a staircase to the Elven Halls.
 30166 | Orc:2    | Noticed Saint Roka
 30306 | Orc:2    | Killed Saint Roka
 30581 | Orc:2    | Found Siniaf's Antique Weapon Shop.
 30587 | Orc:2    | Found Zomyiggo's Antique Armour Boutique.
 30669 | Orc:2    | Found Duub's Jewellery Shoppe.
 30715 | Orc:2    | Bought a ring of wizardry for 420 gold pieces
 30876 | Snake:1  | Entered Level 1 of the Snake Pit
 30885 | Snake:1  | Noticed Josephine
 31018 | Snake:1  | Killed Josephine
 31160 | Snake:1  | Reached XP level 16. HP: 74/74 MP: 15/40
 32113 | Snake:1  | Identified the serpent talisman of Limaev {Fly Str+4}
 32113 | Snake:1  | Noticed Aizul
 32121 | Snake:1  | Killed Aizul
 32383 | Snake:1  | Identified the amulet of Felilar {Reflect SH+5 Stlth+}
 32966 | Snake:2  | Offered knowledge of Eringya's Noxious Bog by Vehumet.
 33614 | Snake:2  | Reached skill level 15 in Fire Magic
 34898 | Snake:3  | Found Foaq's Distillery.
 34901 | Snake:3  | Found Yddit's Jewellery Boutique.
 34901 | Snake:3  | Found Xunwurudgh's Distillery.
 34906 | Snake:3  | Found Qyufemod's Jewellery Shop.
 34964 | Snake:3  | Bought a +6 ring of intelligence for 432 gold pieces
 35722 | Snake:4  | Entered Level 4 of the Snake Pit
 35972 | Snake:4  | Reached XP level 17. HP: 79/79 MP: 24/42
 35982 | Snake:4  | Learned a level 9 spell: Fire Storm
 36119 | Snake:4  | Noticed Vashnia
 36485 | Snake:4  | Killed Vashnia
 36671 | Snake:4  | Reached skill level 5 in Fighting
 37783 | Snake:4  | Offered knowledge of Shatter by Vehumet.
 37783 | Snake:4  | Offered knowledge of Chain Lightning by Vehumet.
 37783 | Snake:4  | Offered knowledge of Polar Vortex by Vehumet.
 38717 | Snake:4  | Got a serpentine rune of Zot
 38850 | Shoals:1 | Entered Level 1 of the Shoals
 39018 | Shoals:1 | Identified the +1 robe of the Eternal Void {rPois rF+++
                  | Int-3 Slay+2}
 40400 | Shoals:2 | Reached XP level 18. HP: 84/84 MP: 37/43
 41259 | Shoals:2 | Identified the ring "Cuakeu Ypnu" {rF+ EV+5 Str+3 Dex+3}
 41303 | Shoals:2 | Noticed a tentacled monstrosity
 41326 | Shoals:2 | Killed a tentacled monstrosity
 41345 | Shoals:2 | Got the Omnibus of Mad Ravings
 42922 | Shoals:4 | Entered Level 4 of the Shoals
 43381 | Shoals:4 | Got a barnacled rune of Zot
 44555 | Shoals:4 | Got the Exposition on Angles
 44701 | Shoals:4 | Learned a level 2 spell: Blink
 44946 | Elf:1    | Entered Level 1 of the Elven Halls
 45082 | Elf:1    | Reached XP level 19. HP: 88/88 MP: 44/45
 45323 | Elf:1    | Got the Almanac of the Band
 45819 | Elf:1    | Found Noisarun's Magic Scroll Boutique.
 45851 | Elf:1    | Bought a scroll of blinking for 112 gold pieces
 45851 | Elf:1    | Bought a scroll of amnesia for 60 gold pieces
 45851 | Elf:1    | Bought a scroll of teleportation for 45 gold pieces
 46051 | Elf:2    | Noticed Louise
 46054 | Elf:2    | Killed Louise
 46099 | Elf:2    | Found Agezifua's Assorted Antiques.
 46099 | Elf:2    | Noticed Asterion
 46910 | Elf:2    | Found Bighua's Jewellery Emporium.
 46911 | Elf:2    | Found Gylaas's Book Boutique.
 46911 | Elf:2    | Found Fyem Buow's Book Boutique.
 47099 | Elf:2    | Found a runed translucent gate.
 47100 | Elf:2    | Found a runed translucent gate.
 47100 | Elf:2    | Found a runed translucent gate.
 47127 | Elf:3    | Entered Level 3 of the Elven Halls
 48190 | Elf:3    | Found Ibusui's Jewellery Boutique.
 48848 | Elf:3    | Identified the +0 robe of the Swamp {rF+ Dex+3}
 49011 | Elf:3    | Identified the +9 battleaxe "Hialyg" {heavy, Will+ Int+4}
 49011 | Elf:3    | Identified the +2 leather armour "Eregam" {rF- rC++}
 49026 | Elf:3    | Identified the ring of Ymuecs {rPois Will+ Slay+2 SInv}
 49477 | Elf:3    | Identified the staff of Courage {rC+ rN+ Necro} (You took
                  | it off a deep elf elementalist on level 3 of the Elven
                  | Halls)
 49529 | Elf:3    | Identified the +1 dagger of the Briny Deep {flame, Str+5
                  | Int+5}
 49533 | Elf:3    | Got Zibatin's Dissertation on Conjuring and the Welkin
 49559 | Elf:3    | Identified the +0 scale mail of Beogh's Generosity {Will-
                  | Str+4 Int+4 Dex+2}
 49741 | Elf:3    | Killed Asterion
 50275 | Slime:1  | Entered Level 1 of the Pits of Slime
 50281 | Slime:1  | Reached XP level 20. HP: 97/97 MP: 47/47
 51069 | Slime:5  | Entered Level 5 of the Pits of Slime
 51099 | Slime:5  | Noticed the Royal Jelly
 51808 | Slime:5  | Killed the Royal Jelly
 51809 | Slime:5  | Reached skill level 15 in Conjurations
 52699 | Slime:5  | Identified the staff "Arhez" {Int+4 Dex+2 Earth}
 52712 | Slime:5  | Identified the +4 war axe "Newtslayer" {heavy, rF+ rCorr
                  | Str+4 Dex+5}
 52784 | Slime:5  | Identified a scroll of acquirement
 52790 | Slime:5  | Got a slimy rune of Zot
 52800 | Slime:5  | Identified the +0 mace of the Known World {venom, Will+}
 52802 | Slime:5  | Identified the ring of Aloenif {rPois Int+2 SInv}
 52837 | Slime:5  | Identified the +1 broad axe of Reason {venom, Will+ Int+4}
 53108 | Lair:4   | Killed Agrajag's ghost
 53393 | Snake:3  | Bought a potion of magic for 160 gold pieces
 53393 | Snake:3  | Bought 2 potions of resistance for 400 gold pieces
 53401 | Snake:3  | Acquired 728 gold pieces
 53403 | Snake:3  | Acquired 886 gold pieces
 53405 | Snake:3  | Acquired a staff of conjuration
 53599 | Vaults:1 | Entered Level 1 of the Vaults
 54296 | Vaults:1 | Reached XP level 21. HP: 103/103 MP: 38/48
 54757 | Vaults:1 | Noticed Zenata
 54761 | Vaults:1 | Killed Zenata
 54925 | Vaults:1 | Found Xaruutil's General Store.
 54934 | Vaults:1 | Bought 2 scrolls of blinking for 285 gold pieces
 54934 | Vaults:1 | Bought a potion of haste for 190 gold pieces
 54934 | Vaults:1 | Bought a scroll of fog for 76 gold pieces
 56606 | Vaults:2 | Noticed a dread lich
 56608 | Vaults:2 | Killed a dread lich
 56747 | Vaults:2 | Learned a level 2 spell: Sublimation of Blood
 57249 | Vaults:3 | Identified the amulet "Oposanel" {Acrobat rF+}
 57487 | Vaults:3 | Reached skill level 1 in Necromancy
 57598 | Vaults:3 | Found Ziocojur's Armour Shop.
 58651 | Vaults:3 | Reached skill level 15 in Dodging
 58822 | Vaults:3 | Found a staircase to the Crypt.
 59083 | Vaults:4 | Found a crumbling gateway.
 59105 | Desolati | Entered the Desolation of Salt
 59108 | Desolati | Reached XP level 22. HP: 111/111 MP: 44/50
 59208 | Desolati | Identified the +6 rapier of Midsummer {drain, rPois Int-4
                  | Dex+5}
 59621 | Desolati | Identified the +1 broad axe of the Inferno {speed, Fragile
                  | rF+ rN+}
 59652 | Desolati | Reached skill level 10 in Fighting
 61181 | Vaults:4 | Reached skill level 5 in Necromancy
 61354 | Vaults:5 | Entered Level 5 of the Vaults
 61359 | Vaults:5 | Noticed a golden dragon
 61363 | Vaults:5 | Killed a golden dragon
 61378 | Vaults:5 | Noticed a dread lich
 61381 | Vaults:5 | Killed a dread lich
 61382 | Vaults:5 | Reached skill level 1 in Shapeshifting
 61402 | Vaults:5 | Reached XP level 23. HP: 109/115 MP: 40/52
 61881 | Vaults:5 | Identified the +11 hand axe of Prescription {venom, Int+2}
 61977 | Vaults:5 | Noticed an ancient lich
 61979 | Vaults:5 | Killed an ancient lich
 61980 | Vaults:5 | Reached skill level 5 in Shapeshifting
 62092 | Vaults:5 | Identified the +4 halberd of Peism {venom, Str+4 Dex-5}
 62092 | Vaults:5 | Identified the ring "Hipaej" {Fly rPois rN++ Int-3}
 62111 | Vaults:5 | Identified the +8 dagger "Qaathabeu" {speed, rPois rC+}
 62203 | Vaults:5 | Found Zemobb's Jewellery Shoppe.
 62771 | Vaults:5 | Got a silver rune of Zot
 62773 | Vaults:5 | Identified the staff of Tumiosko {rElec rPois Str+3 Int+4
                  | Air Poison}
 62887 | Vaults:5 | Acquired 673 gold pieces
 63230 | Depths:1 | Entered Level 1 of the Depths
 63528 | Depths:1 | Found a burning altar of Makhleb.
 63583 | Depths:1 | Found a one-way gate to the infinite horrors of the Abyss.
 63692 | Depths:1 | Identified the +2 plate armour of the Okapi {+Inv rPois
                  | rF++ Int-2}
 63715 | Depths:1 | Found a gateway to Hell.
 64757 | Depths:2 | Reached skill level 10 in Shapeshifting
 64907 | Depths:2 | Noticed Mara
 64909 | Depths:2 | Noticed PurpleRed's illusion
 64911 | Depths:2 | Killed Mara
 65430 | Depths:2 | Reached XP level 24. HP: 110/123 MP: 17/52
 65688 | Depths:2 | Found a one-way gate leading to the halls of Pandemonium.
 65748 | Depths:2 | Identified the +3 leather armour "Ohoschiusk" {rElec Int+4}
 66552 | Depths:3 | Killed Margery
 66614 | Depths:3 | Reached skill level 15 in Shapeshifting
 67544 | Orc:2    | Bought a scroll of enchant armour for 105 gold pieces
 68043 | Depths:3 | Found a burning altar of Makhleb.
 68136 | Depths:3 | Found a burning altar of Makhleb.
 68136 | Depths:3 | Found the +16 obsidian axe {drain, demonic, Mesm Drain Fly
                  | SInv}
 68791 | Depths:3 | Found The Legendary Dukisox's Legendary Smithy.
 68947 | Depths:3 | Noticed Boris
 68949 | Depths:3 | Killed Boris
 69330 | Depths:3 | Found an ancient bone altar of Kikubaaqudgha.
 69521 | Depths:3 | Found Togyjocu's General Store.
 69532 | Depths:3 | Bought a scroll of blinking for 157 gold pieces
 69532 | Depths:3 | Bought a scroll of fear for 84 gold pieces
 69581 | Depths:3 | Found an opulent altar of Gozag.
 69605 | Depths:3 | Found Ujecock's Miraculous Elixirs.
 69659 | Depths:3 | Bought 2 potions of mutation for 800 gold pieces
 69659 | Depths:3 | Bought 2 potions of mutation for 800 gold pieces
 69659 | Depths:3 | Bought a potion of mutation for 400 gold pieces
 69659 | Depths:3 | Bought a potion of mutation for 400 gold pieces
 69738 | Depths:4 | Entered Level 4 of the Depths
 69819 | Depths:4 | Reached XP level 25. HP: 128/128 MP: 39/52
 69834 | Depths:4 | Noticed Frederick
 69836 | Depths:4 | Killed Frederick
 70024 | Depths:4 | Identified the storm talisman of the Known World {Int+2
                  | Dex+5}
 70024 | Depths:4 | Noticed Sojobo
 70059 | Depths:4 | Killed Sojobo
 70371 | Depths:4 | Found an opulent altar of Gozag.
 70409 | Depths:4 | Found a gate to the Realm of Zot.
 70713 | Depths:4 | Found a one-way gateway to a ziggurat.
 70715 | Depths:4 | Found Wiwogizoph's Changing Room.
 70769 | Depths:4 | Noticed Mennas
 70788 | Depths:4 | Killed Mennas
 71101 | Depths:4 | Found a snail-covered altar of Cheibriados.
 71525 | Depths:4 | Upgraded the game from 0.31-a0-1110-gab28811 to
                  | 0.31-a0-1111-ga3525b8
 71544 | Zig:1    | Entered Level 1 of a ziggurat
 71606 | Zig:2    | Entered Level 2 of a ziggurat
 71628 | Zig:3    | Entered Level 3 of a ziggurat
 71655 | Zig:4    | Entered Level 4 of a ziggurat
 71670 | Zig:4    | Identified the +2 spear of Noon {spect, Str+2 Dex+3}
 71693 | Zig:5    | Entered Level 5 of a ziggurat
 71714 | Zig:5    | Got Sif Muna's Secrets of Transmutation
 71751 | Zig:6    | Entered Level 6 of a ziggurat
 71779 | Zig:6    | Identified the +5 broad axe of the Forest {drain, Dex+5}
 71782 | Zig:6    | Identified the +1 robe of Mikunni {Harm}
 71787 | Zig:7    | Entered Level 7 of a ziggurat
 71835 | Zig:7    | Identified the +0 glaive "Cetuxkor" {flame, Int+2}
 71848 | Zig:7    | Identified the +1 hat of Shadows and Fog {rCorr Int+2}
 71863 | Zig:7    | Identified the amulet of Poycacenk {Faith -Cast rElec rC-
                  | rN+++}
 71884 | Zig:8    | Entered Level 8 of a ziggurat
 71890 | Zig:8    | Noticed an ancient lich
 71892 | Zig:8    | Killed an ancient lich
 71927 | Zig:8    | Acquired the scarf of Chimes {shadows, rElec Regen+ rCorr}
 71965 | Zig:9    | Entered Level 9 of a ziggurat
 72013 | Zig:10   | Entered Level 10 of a ziggurat
 72042 | Zig:10   | Identified the +5 hand axe of the Ninety-Nine Tusks
                  | {freeze, rElec rF++ rCorr Int-5}
 72066 | Zig:11   | Entered Level 11 of a ziggurat
 72071 | Zig:11   | Noticed a royal mummy
 72074 | Zig:11   | Killed a royal mummy
 72079 | Zig:11   | Noticed a royal mummy
 72081 | Zig:11   | Killed a royal mummy
 72161 | Zig:11   | Identified the ring "Diruff" {Wiz rPois rC- Str+6}
 72186 | Zig:11   | Reached XP level 26. HP: 135/135 MP: 52/52
 72202 | Zig:12   | Entered Level 12 of a ziggurat
 72212 | Zig:12   | Found the +11 plutonium sword {Contam Stlth-}
 72238 | Zig:12   | Identified the ring of the Inquisitive Gods {Fire rN+ Int-4
                  | Dex+3 SInv}
 72244 | Zig:12   | Identified the +2 orcbow of the Shrinking Gods {elec,
                  | Dex+4}
 72247 | Zig:12   | Identified the +5 mace "Plog" {drain, +Blink}
 72249 | Zig:12   | Identified the ring "Rutui" {rPois rCorr MP+9 Str-5 Int+3}
 72295 | Zig:13   | Entered Level 13 of a ziggurat
 72307 | Zig:13   | Reached XP level 27. HP: 139/139 MP: 39/52
 72402 | Zig:13   | Identified the +1 morningstar "Meihaf" {venom, rN+}
 72403 | Zig:13   | Identified the +7 morningstar of Disgust {vamp, rC+ Str+3}
 72427 | Zig:13   | Learned a level 9 spell: Chain Lightning
 72435 | Zig:14   | Entered Level 14 of a ziggurat
 72444 | Zig:14   | Reached skill level 1 in Air Magic
 72457 | Zig:14   | Found the +13 scythe of Curses {drain, curses, Drain}
 72487 | Zig:14   | Identified the +1 hand axe "Jelly's Undoing" {venom, Fly}
 72495 | Zig:15   | Entered Level 15 of a ziggurat
 72568 | Zig:15   | Found the +5 Storm Queen's Shield {shock, Fly rElec}
 72606 | Zig:15   | Got Inlaar's Quarto of Evolving Cold
 72619 | Zig:15   | Reached skill level 5 in Air Magic
 72625 | Zig:16   | Entered Level 16 of a ziggurat
 72636 | Zig:16   | Reached skill level 5 in Stealth
 72636 | Zig:16   | Found the +9 scales of the Dragon King {rPois rF+ rC+
                  | Will+}
 72714 | Zig:16   | Identified the +8 executioner's axe of Infinite Pain {elec,
                  | rC+}
 72722 | Zig:16   | Got the Anthology of the Familiar and Frost
 72724 | Zig:16   | Identified the +2 pair of boots of Cynicism {rC- rN+ MP+9}
 72725 | Zig:16   | Identified the +12 orcbow of the Forsaken Towns {flame,
                  | rPois Will+ Dex-4 Stlth+}
 72744 | Zig:16   | Identified the +3 sling of the Neverending Knaves {elec,
                  | rPois rF+++ MP+9 Int-2}
 72763 | Zig:17   | Entered Level 17 of a ziggurat
 72769 | Zig:17   | Noticed a royal mummy
 72770 | Zig:17   | Noticed a royal mummy
 72772 | Zig:17   | Killed a royal mummy
 72773 | Zig:17   | Killed a royal mummy
 72773 | Zig:17   | Noticed a royal mummy
 72774 | Zig:17   | Noticed a royal mummy
 72776 | Zig:17   | Killed a royal mummy
 72776 | Zig:17   | Killed a royal mummy
 72777 | Zig:17   | Reached skill level 10 in Stealth
 72794 | Zig:17   | Found the +7 sceptre of Torment {pain, torment}
 72803 | Zig:17   | Identified the +5 whip "Zoaph" {flame, +Blink Will- Str+9
                  | Stlth-}
 72804 | Zig:17   | Identified the ring "Atziexku" {Ice rPois Int+4}
 72810 | Zig:17   | Identified the scarf of the Blind Marksman {repulsion,
                  | Regen+ Str+3 Dex-3}
 72815 | Zig:17   | Identified the +6 dire flail of the End of Times {freeze,
                  | rPois rC+ rN+ Int+2}
 72824 | Zig:17   | Identified the +2 ring mail of Monotheism {rN+}
 72850 | Zig:18   | Entered Level 18 of a ziggurat
 72863 | Zig:18   | Reached skill level 10 in Air Magic
 72875 | Zig:18   | Reached skill level 15 in Stealth
 72925 | Zig:19   | Entered Level 19 of a ziggurat
 72934 | Zig:19   | Noticed a royal mummy
 72935 | Zig:19   | Noticed a royal mummy
 72935 | Zig:19   | Noticed a royal mummy
 72935 | Zig:19   | Noticed a royal mummy
 72936 | Zig:19   | Noticed a royal mummy
 72937 | Zig:19   | Killed a royal mummy
 72937 | Zig:19   | Killed a royal mummy
 72937 | Zig:19   | Killed a royal mummy
 72937 | Zig:19   | Killed a royal mummy
 72937 | Zig:19   | Noticed a royal mummy
 72938 | Zig:19   | Killed a royal mummy
 72938 | Zig:19   | Killed a royal mummy
 72938 | Zig:19   | Noticed a royal mummy
 72939 | Zig:19   | Noticed a royal mummy
 72939 | Zig:19   | Noticed a royal mummy
 72940 | Zig:19   | Noticed a royal mummy
 72941 | Zig:19   | Killed a royal mummy
 72941 | Zig:19   | Killed a royal mummy
 72942 | Zig:19   | Killed a royal mummy
 72943 | Zig:19   | Killed a royal mummy
 72944 | Zig:19   | Reached skill level 27 in Spellcasting
 73000 | Zig:19   | Identified the +2 leather armour "Awnips" {Str+5 Int-2}
 73005 | Zig:19   | Identified the staff "Ogrocw" {rF+ Fire Ice}
 73021 | Zig:19   | Identified the ring "Busiac" {rC+ Int+4 Dex+4}
 73036 | Zig:20   | Entered Level 20 of a ziggurat
 73109 | Zig:20   | Found the +5 demon whip "Spellbinder" {antimagic, disrupt,
                  | Will+}
 73122 | Zig:20   | Got Bupui's Reference Book on the Zephyr
 73132 | Zig:20   | Identified the +12 hand axe of Spite {speed, rElec}
 73162 | Zig:20   | Got the Incunable of Baneful Evil
 73172 | Zig:20   | Identified the staff of Dithmenos's Anger {rF+ Str-4 Int+5
                  | Stlth+ Necro Fire}
 73189 | Zig:20   | Acquired Wegae's Handbook of Incandescence and Arcane
                  | Weapons
 73193 | Zig:21   | Entered Level 21 of a ziggurat
 73207 | Zig:21   | Reached skill level 15 in Air Magic
 73215 | Zig:21   | Killed a dread lich
 73250 | Zig:21   | Got the Atlas of Ensorcelling
 73293 | Zig:22   | Entered Level 22 of a ziggurat
 73305 | Zig:22   | Noticed a royal mummy
 73306 | Zig:22   | Noticed a royal mummy
 73306 | Zig:22   | Noticed a royal mummy
 73306 | Zig:22   | Noticed a royal mummy
 73307 | Zig:22   | Killed a royal mummy
 73307 | Zig:22   | Killed a royal mummy
 73307 | Zig:22   | Killed a royal mummy
 73307 | Zig:22   | Killed a royal mummy
 73315 | Zig:22   | Noticed a royal mummy
 73316 | Zig:22   | Noticed a royal mummy
 73318 | Zig:22   | Killed a royal mummy
 73318 | Zig:22   | Killed a royal mummy
 73319 | Zig:22   | Noticed a royal mummy
 73321 | Zig:22   | Killed a royal mummy
 73331 | Zig:22   | Reached skill level 15 in Fighting
 73362 | Zig:22   | Identified the +8 quick blade of the Coin {freeze, rN+
                  | Str+2 Dex+3}
 73399 | Zig:23   | Entered Level 23 of a ziggurat
 73449 | Zig:23   | Found the +3 salamander hide armour {Flames, rFlCloud rF++
                  | rC--}
 73494 | Zig:23   | Identified the +9 falchion "Killer Klown's Curse" {elec,
                  | rElec Str+3}
 73509 | Zig:23   | Identified the +1 pair of boots of Terrible Beauty {rF+
                  | Will- rCorr}
 73517 | Zig:23   | Identified the +12 rapier "Unon Lek" {protect, rF+ rC+
                  | Str+3 Int+3}
 73526 | Zig:24   | Entered Level 24 of a ziggurat
 73535 | Zig:24   | Noticed a royal mummy
 73535 | Zig:24   | Noticed a royal mummy
 73538 | Zig:24   | Noticed a royal mummy
 73539 | Zig:24   | Killed a royal mummy
 73539 | Zig:24   | Killed a royal mummy
 73539 | Zig:24   | Noticed a royal mummy
 73539 | Zig:24   | Noticed a royal mummy
 73540 | Zig:24   | Killed a royal mummy
 73558 | Zig:24   | Noticed a royal mummy
 73560 | Zig:24   | Noticed a royal mummy
 73560 | Zig:24   | Noticed a royal mummy
 73560 | Zig:24   | Noticed a royal mummy
 73560 | Zig:24   | Noticed a royal mummy
 73561 | Zig:24   | Killed a royal mummy
 73561 | Zig:24   | Killed a royal mummy
 73562 | Zig:24   | Killed a royal mummy
 73562 | Zig:24   | Killed a royal mummy
 73563 | Zig:24   | Killed a royal mummy
 73563 | Zig:24   | Killed a royal mummy
 73564 | Zig:24   | Reached skill level 1 in Armour
 73564 | Zig:24   | Killed a royal mummy
 73567 | Zig:24   | Noticed a royal mummy
 73568 | Zig:24   | Killed a royal mummy
 73582 | Zig:24   | Noticed a royal mummy
 73583 | Zig:24   | Killed a royal mummy
 73583 | Zig:24   | Killed a royal mummy
 73600 | Zig:24   | Found the +7 mace of Variability {chaos, chaos arc}
 73603 | Zig:24   | Found the +7 hand cannon "Mule" {flame, backblast, rF+}
 73646 | Zig:24   | Identified the +5 ring mail of the Grinning Gods {*Corrode
                  | rC+ Int+3}
 73653 | Zig:24   | Identified the ring of Xoluet {Wiz rC+}
 73659 | Zig:24   | Identified the ring "Erier" {rPois MP+9 SInv}
 73665 | Zig:24   | Identified the +0 leather armour of Farfalle {Fly rC- Int+4
                  | Dex+3}
 73681 | Zig:25   | Entered Level 25 of a ziggurat
 73710 | Zig:25   | Reached skill level 5 in Armour
 73788 | Zig:25   | Found the +3 crown of Dyrovepreva {rElec Int+2 SInv}
 73794 | Zig:25   | Identified the staff of Acydwoll {rElec rF+ Air}
 73809 | Zig:25   | Identified the +1 helmet of the Byakko {*Corrode rC++
                  | Will+++}
 73830 | Zig:25   | Identified the ring "Oqomigesch" {rElec AC+4 Str-5 Int+5
                  | Slay+2}
 73836 | Zig:25   | Identified the ring "Wiwuma" {rPois MP+9 Int+2 Dex-2}
 73844 | Zig:26   | Entered Level 26 of a ziggurat
 73854 | Zig:26   | Noticed a royal mummy
 73854 | Zig:26   | Noticed a royal mummy
 73858 | Zig:26   | Killed a royal mummy
 73858 | Zig:26   | Killed a royal mummy
 73858 | Zig:26   | Killed a royal mummy
 73858 | Zig:26   | Noticed a royal mummy
 73859 | Zig:26   | Killed a royal mummy
 73860 | Zig:26   | Noticed a royal mummy
 73861 | Zig:26   | Noticed a royal mummy
 73861 | Zig:26   | Noticed a royal mummy
 73862 | Zig:26   | Killed a royal mummy
 73863 | Zig:26   | Killed a royal mummy
 73865 | Zig:26   | Killed a royal mummy
 73867 | Zig:26   | Killed a royal mummy
 73867 | Zig:26   | Noticed a royal mummy
 73869 | Zig:26   | Killed a royal mummy
 73871 | Zig:26   | Noticed a royal mummy
 73871 | Zig:26   | Noticed a royal mummy
 73873 | Zig:26   | Killed a royal mummy
 73873 | Zig:26   | Killed a royal mummy
 73936 | Zig:26   | Identified the ring of Ribaz {MP+9 Str+4}
 73939 | Zig:26   | Identified the +2 spear of Reinforcement {flame, Dex+2}
 73940 | Zig:26   | Identified the +0 buckler of Objectivity {-Tele rElec
                  | rPois}
 73942 | Zig:26   | Identified the ring of Wishful Thinking {Will+ Str+3}
 73945 | Zig:26   | Identified the +6 spear "Tif Ante" {spect, rF+ Will+ Int-3}
 73946 | Zig:26   | Identified the ring of the Hart {rF+ rC+ Int+2 SInv}
 73947 | Zig:26   | Identified the +8 dagger of the Unkillable {protect, SInv}
 73948 | Zig:26   | Identified the +8 great sword of Greed {drain, rCorr Str+2
                  | Dex+2}
 73960 | Zig:26   | Identified the +1 dagger of Pob Gaom {protect, rC+}
 73965 | Zig:26   | Identified the ring "Wukhla Xeock" {Fire Contam Drain Dex+5
                  | Stlth+}
 73969 | Zig:26   | Identified the +0 dagger of the Silly God {flame, rC- MP+9
                  | Int+2}
 73970 | Zig:26   | Identified the ring "Bystrudets" {Drain rF+ rC+ AC+4}
 73982 | Zig:27   | Entered Level 27 of a ziggurat
 74051 | Zig:27   | Found the amulet of the Four Winds {rN+ Will+++ Clar}
 74053 | Zig:27   | Found the +3 greatsling "Punk" {acid, rCorr}
 74063 | Zig:27   | Identified the staff of Ujam Abump {rPois Dex+3 Earth}
 74085 | Zig:27   | Identified the +3 orcbow "Eviscerator" {flame, rF+ MP-9
                  | Dex+3}
 74090 | Zig:27   | Identified the +3 broad axe of the End of Times {heavy, rN+
                  | rCorr Int+4}
 74101 | Zig:27   | Identified the +6 war axe "Veom" {venom, Str+2}
 74157 | Depths:4 | Gained mutation: You have a pair of small horns on your
                  | head. [potion of mutation]
 74157 | Depths:4 | Gained mutation: You are agile. (Dex +4, Str/Int -1)
                  | [potion of mutation]
 74157 | Depths:4 | Gained mutation: You are covered in fur. (AC +1) [potion of
                  | mutation]
 74157 | Depths:4 | Gained mutation: You are partially covered in iridescent
                  | scales. (AC +2) [potion of mutation]
 74166 | Zig:1    | Entered Level 1 of a ziggurat
 74177 | Zig:2    | Entered Level 2 of a ziggurat
 74177 | Zig:2    | Noticed a juggernaut
 74178 | Zig:2    | Killed a juggernaut
 74190 | Zig:3    | Entered Level 3 of a ziggurat
 74208 | Zig:4    | Entered Level 4 of a ziggurat
 74211 | Zig:4    | Found the +2 cloak of the Thief {*Fog Slay-2 SInv Stlth+}
 74220 | Zig:4    | Identified the ring of Rimmyr {Fly rPois rC++}
 74241 | Zig:5    | Entered Level 5 of a ziggurat
 74244 | Zig:5    | Noticed Viodauhy the pandemonium lord
 74247 | Zig:5    | Killed Viodauhy the pandemonium lord
 74271 | Zig:6    | Entered Level 6 of a ziggurat
 74276 | Zig:6    | Reached skill level 5 in Earth Magic
 74291 | Zig:6    | Identified the +0 ring mail "Jeczu" {Int+4 Dex-2}
 74301 | Zig:7    | Entered Level 7 of a ziggurat
 74329 | Zig:7    | Identified the +2 glaive of Equilibrium {freeze, rElec
                  | Dex+2}
 74345 | Zig:8    | Entered Level 8 of a ziggurat
 74373 | Zig:8    | Identified the +7 demon whip "Gijaumy" {flame, Int+6 SInv}
 74389 | Zig:9    | Entered Level 9 of a ziggurat
 74479 | Zig:9    | Identified the +5 bardiche "Suor" {heavy, rElec rF+ Str+4}
 74487 | Zig:10   | Entered Level 10 of a ziggurat
 74497 | Zig:10   | Noticed an ancient lich
 74499 | Zig:10   | Noticed an ancient lich
 74499 | Zig:10   | Killed an ancient lich
 74499 | Zig:10   | Killed an ancient lich
 74499 | Zig:10   | Noticed an ancient lich
 74502 | Zig:10   | Killed an ancient lich
 74503 | Zig:10   | Reached skill level 10 in Earth Magic
 74513 | Zig:10   | Identified the ring "Westrosiq" {rF+ SInv}
 74516 | Zig:10   | Identified the +10 broad axe "Xyjyff" {venom, Dex+2}
 74519 | Zig:10   | Identified the +6 trident "Dutedd" {pain, *Corrode rN+
                  | Str+3}
 74523 | Zig:10   | Identified the +5 scimitar "Xiomorch" {freeze, Will+ Int+2
                  | SInv}
 74542 | Zig:10   | Learned a level 9 spell: Shatter
 74543 | Zig:11   | Entered Level 11 of a ziggurat
 74553 | Zig:11   | Noticed an orb of fire
 74554 | Zig:11   | Noticed an orb of fire
 74555 | Zig:11   | Noticed an orb of fire
 74555 | Zig:11   | Noticed an orb of fire
 74557 | Zig:11   | Killed an orb of fire
 74557 | Zig:11   | Killed an orb of fire
 74559 | Zig:11   | Killed an orb of fire
 74559 | Zig:11   | Killed an orb of fire
 74660 | Zig:11   | Identified the +4 scale mail of Grottiness {rC- Str+3 SInv}
 74670 | Zig:11   | Identified the +6 long sword "Joymmef" {spect, Str+5}
 74685 | Zig:12   | Entered Level 12 of a ziggurat
 74729 | Zig:12   | Identified the ring of Urghoqok {rPois rN+ Str-3 Dex-4
                  | SInv}
 74736 | Zig:13   | Entered Level 13 of a ziggurat
 74747 | Zig:13   | Noticed a dread lich
 74749 | Zig:13   | Killed a dread lich
 74750 | Zig:13   | Noticed a dread lich
 74750 | Zig:13   | Noticed a dread lich
 74751 | Zig:13   | Killed a dread lich
 74751 | Zig:13   | Noticed an ancient lich
 74752 | Zig:13   | Killed a dread lich
 74752 | Zig:13   | Killed an ancient lich
 74788 | Zig:13   | Identified the +6 trident "Tepupsicw" {protect, rF- rN+
                  | Will++ Int+4}
 74804 | Zig:14   | Entered Level 14 of a ziggurat
 74818 | Zig:14   | Noticed an ancient lich
 74822 | Zig:14   | Killed an ancient lich
 74825 | Zig:14   | Reached skill level 27 in Dodging
 74865 | Zig:15   | Entered Level 15 of a ziggurat
 74882 | Zig:15   | Paralysed by an air elemental for 1 turns
 74926 | Zig:15   | Identified the staff of Ragnarok {Fly Conj}
 74940 | Zig:15   | Identified the ring "Guemen" {rC+ rN+ Will- rCorr SInv}
 74961 | Zig:16   | Entered Level 16 of a ziggurat
 74975 | Zig:16   | Reached skill level 15 in Earth Magic
 75009 | Zig:16   | Found the +10 zealot's sword {holy, Zealotry, *Rage rN+
                  | EV+3}
 75013 | Zig:16   | Found the +10 dark maul {heavy}
 75035 | Zig:16   | Noticed an ancient lich
 75035 | Zig:16   | Killed an ancient lich
 75098 | Zig:16   | Identified the +1 helmet of the Other World {Will+ Int+3}
 75127 | Zig:16   | Identified the +0 great sword of the Jester {freeze, rElec
                  | rC- rCorr Dex+4}
 75138 | Zig:17   | Entered Level 17 of a ziggurat
 75146 | Zig:17   | Noticed a royal mummy
 75148 | Zig:17   | Killed a royal mummy
 75149 | Zig:17   | Noticed a royal mummy
 75149 | Zig:17   | Noticed a royal mummy
 75150 | Zig:17   | Killed a royal mummy
 75151 | Zig:17   | Killed a royal mummy
 75151 | Zig:17   | Noticed a royal mummy
 75153 | Zig:17   | Killed a royal mummy
 75154 | Zig:17   | Noticed a royal mummy
 75154 | Zig:17   | Noticed a royal mummy
 75154 | Zig:17   | Noticed a royal mummy
 75155 | Zig:17   | Noticed a royal mummy
 75156 | Zig:17   | Killed a royal mummy
 75156 | Zig:17   | Killed a royal mummy
 75157 | Zig:17   | Noticed a royal mummy
 75158 | Zig:17   | Killed a royal mummy
 75159 | Zig:17   | Noticed a royal mummy
 75160 | Zig:17   | Killed a royal mummy
 75160 | Zig:17   | Killed a royal mummy
 75160 | Zig:17   | Killed a royal mummy
 75160 | Zig:17   | Noticed a royal mummy
 75162 | Zig:17   | Noticed a royal mummy
 75163 | Zig:17   | Killed a royal mummy
 75164 | Zig:17   | Killed a royal mummy
 75177 | Zig:17   | Found the +8 autumn katana {manifold assault}
 75183 | Zig:17   | Identified the ring of Toptadd {rF+ Will++ Int-2}
 75187 | Zig:17   | Identified the amulet of Vuonuj {Acrobat rC+ rN+}
 75190 | Zig:17   | Identified the staff of Erunaymo {Int+3 Earth Poison}
 75240 | Zig:18   | Entered Level 18 of a ziggurat
 75269 | Zig:18   | Found the +7 Spriggan's Knife {stab, EV+4 Stlth+}
 75272 | Zig:18   | Found the ring of the Tortoise {AC+8}
 75290 | Zig:18   | Got Sif Muna's Encyclopedia of Bruises
 75299 | Zig:18   | Identified the +11 orcbow "Riasix" {heavy, rF+ rN+ SInv}
 75304 | Zig:18   | Identified the amulet of Wefovae {Acrobat rN++ Str+2}
 75307 | Zig:18   | Identified the amulet of the Sky {rF++ rC- Regen+ Dex+3}
 75316 | Zig:18   | Identified the +9 rapier of Bohes {venom, rF+}
 75319 | Zig:18   | Identified the staff of Jucrenia {*Corrode rElec rF+ Int+3
                  | Dex+3 Air}
 75337 | Zig:19   | Entered Level 19 of a ziggurat
 75371 | Zig:19   | Noticed Seabio the pandemonium lord
 75375 | Zig:19   | Killed Seabio the pandemonium lord
 75389 | Zig:19   | Found the +7 great mace "Undeadhunter" {deathbane, rN+}
 75389 | Zig:19   | Found the +3 pair of gauntlets of War {Slay+5}
 75398 | Zig:19   | Identified the +9 hand axe "Pendulum" {heavy, rElec}
 75399 | Zig:19   | Identified the +0 ring mail of the Earth {rPois rC++ Regen+
                  | Dex-2}
 75460 | Zig:20   | Entered Level 20 of a ziggurat
 75477 | Zig:20   | Noticed a dread lich
 75478 | Zig:20   | Noticed an ancient lich
 75480 | Zig:20   | Noticed an ancient lich
 75481 | Zig:20   | Killed a dread lich
 75481 | Zig:20   | Killed an ancient lich
 75481 | Zig:20   | Noticed a dread lich
 75482 | Zig:20   | Killed an ancient lich
 75482 | Zig:20   | Killed a dread lich
 75482 | Zig:20   | Noticed an ancient lich
 75482 | Zig:20   | Noticed a dread lich
 75484 | Zig:20   | Killed an ancient lich
 75485 | Zig:20   | Noticed an ancient lich
 75485 | Zig:20   | Killed a dread lich
 75486 | Zig:20   | Killed an ancient lich
 75487 | Zig:20   | Noticed an ancient lich
 75488 | Zig:20   | Killed an ancient lich
 75506 | Zig:20   | Identified the ring of Patience {rElec Int+3 Dex-5 SInv}
 75544 | Zig:21   | Entered Level 21 of a ziggurat
 75589 | Zig:21   | Identified the +7 short sword of Ziph {heavy, rC+ rCorr
                  | Str+3 Int+3}
 75595 | Zig:21   | Identified the staff of Conformity {rC+ rCorr MP+9 Ice}
 75596 | Zig:21   | Identified the amulet of Azaruh {Acrobat rPois Regen+
                  | Str+2}
 75598 | Zig:21   | Identified the +8 sling of Zunano {heavy, Int+5}
 75599 | Zig:21   | Identified the +6 trident "Fegiuv" {venom, Will+}
 75603 | Zig:21   | Identified the ring "Zuate" {rC+ Str+4}
 75609 | Zig:21   | Identified the ring of Zecifym {Fly rC+ Str+2}
 75627 | Zig:21   | Identified the +8 flail "Xycuihas" {venom, Str+3}
 75654 | Zig:22   | Entered Level 22 of a ziggurat
 75812 | Zig:22   | Acquired a book of Dangerous Friends
 75814 | Zig:22   | Acquired a manual of Fire Magic
 75820 | Zig:22   | Identified the +0 buckler of Exiov {Str+3 Dex+2}
 75832 | Zig:22   | Identified the +4 orcbow "Omoluraa" {elec, *Corrode +Blink
                  | rN+++ SInv}
 75837 | Zig:22   | Identified the +2 quarterstaff of Ointment {heavy, Str+2
                  | Dex+6}
 75838 | Zig:22   | Identified the +8 sling "Noihaith" {drain, Fragile Fly
                  | rPois rCorr}
 75850 | Zig:22   | Identified the +9 great sword "Lifebane" {heavy, rF++ Will+
                  | Int-2}
 75853 | Zig:22   | Identified the +5 scale mail "Zuata" {Str+2}
 75866 | Zig:23   | Entered Level 23 of a ziggurat
 75878 | Zig:23   | Noticed a royal mummy
 75882 | Zig:23   | Noticed a royal mummy
 75883 | Zig:23   | Killed a royal mummy
 75884 | Zig:23   | Noticed a royal mummy
 75885 | Zig:23   | Killed a royal mummy
 75886 | Zig:23   | Noticed a royal mummy
 75887 | Zig:23   | Noticed a royal mummy
 75887 | Zig:23   | Noticed a royal mummy
 75888 | Zig:23   | Reached skill level 27 in Fighting
 75888 | Zig:23   | Killed a royal mummy
 75888 | Zig:23   | Killed a royal mummy
 75888 | Zig:23   | Noticed a royal mummy
 75888 | Zig:23   | Noticed a royal mummy
 75889 | Zig:23   | Killed a royal mummy
 75890 | Zig:23   | Noticed a royal mummy
 75891 | Zig:23   | Killed a royal mummy
 75891 | Zig:23   | Killed a royal mummy
 75891 | Zig:23   | Killed a royal mummy
 75891 | Zig:23   | Lost strength.
 75895 | Zig:23   | Killed a royal mummy
 75896 | Zig:23   | Reached skill level 27 in Stealth
 75896 | Zig:23   | Reached skill level 1 in Short Blades
 75896 | Zig:23   | Noticed a royal mummy
 75896 | Zig:23   | Noticed a royal mummy
 75898 | Zig:23   | Noticed a royal mummy
 75900 | Zig:23   | Killed a royal mummy
 75900 | Zig:23   | Killed a royal mummy
 75901 | Zig:23   | Noticed a royal mummy
 75902 | Zig:23   | Killed a royal mummy
 75927 | Zig:23   | Killed a royal mummy
 75941 | Zig:23   | Reached skill level 5 in Short Blades
 75946 | Zig:23   | Found the +5 glaive of the Guard {elec, spectral}
 75954 | Zig:23   | Identified the ring "Voojerhe" {Fire rPois Int+3}
 75969 | Zig:23   | Identified the ring of Runoimm {rPois rCorr Int-5 Dex-5
                  | SInv Stlth+}
 75985 | Zig:23   | Identified the +0 pair of gloves of Xenofef {Contam Dex+4
                  | SInv}
 75994 | Zig:23   | Identified the +10 short sword of Blood-Lust {freeze, rC-
                  | Str+3 Int+3 Dex+8}
 76027 | Zig:24   | Entered Level 24 of a ziggurat
 76073 | Zig:24   | Reached skill level 10 in Short Blades
 76087 | Zig:24   | Found the amulet of Vitality {RegenMP++ Regen++}
 76101 | Zig:24   | Identified the amulet of the Catfish {Acrobat rElec Int+2
                  | SInv}
 76109 | Zig:24   | Identified the +7 ring mail "Naacyun" {rElec Regen+ Int-2
                  | Dex+4}
 76209 | Zig:25   | Entered Level 25 of a ziggurat
 76242 | Zig:25   | Reached skill level 10 in Armour
 76302 | Zig:25   | Found the +8 longbow "Zephyr" {speed, Dex+3 SInv}
 76322 | Zig:25   | Identified the +8 eveningstar of the Big Bang {heavy, rF++}
 76343 | Zig:25   | Identified the amulet "Ceridofe" {Harm +Blink rElec Regen+
                  | Dex+3}
 76365 | Zig:25   | Identified the +0 morningstar of Egiun {drain, rN++ Will+
                  | Str-4 Int+2}
 76378 | Zig:26   | Entered Level 26 of a ziggurat
 76407 | Zig:26   | Noticed a dread lich
 76408 | Zig:26   | Killed a dread lich
 76409 | Zig:26   | Reached skill level 1 in Long Blades
 76409 | Zig:26   | Killed an ancient lich
 76409 | Zig:26   | Noticed a dread lich
 76409 | Zig:26   | Noticed a dread lich
 76410 | Zig:26   | Killed a dread lich
 76410 | Zig:26   | Killed an ancient lich
 76411 | Zig:26   | Killed a dread lich
 76416 | Zig:26   | Noticed an ancient lich
 76418 | Zig:26   | Killed an ancient lich
 76418 | Zig:26   | Noticed a dread lich
 76420 | Zig:26   | Killed a dread lich
 76421 | Zig:26   | Reached skill level 5 in Long Blades
 76426 | Zig:26   | Noticed an ancient lich
 76427 | Zig:26   | Killed an ancient lich
 76427 | Zig:26   | Killed a dread lich
 76508 | Zig:26   | Identified the ring of Moinynuz {rN+ Int+2}
 76515 | Zig:26   | Identified the +0 robe of the Will of the Gods {Str+4
                  | Dex+2}
 76534 | Zig:27   | Entered Level 27 of a ziggurat
 76552 | Zig:27   | Reached skill level 10 in Long Blades
 76622 | Zig:27   | Identified the +7 sling of Decrum {antimagic, Dex+5}
 76624 | Zig:27   | Identified the +0 robe of Howling Wind {Rampage rN+ Dex+3}
 76644 | Zig:27   | Identified the +0 robe "Kioroici" {rElec Regen+ Archmagi}
 76678 | Zig:27   | Identified the +10 great sword of Winter {flame, Dex+3}
 76950 | Crypt:1  | Entered Level 1 of the Crypt
 77021 | Crypt:1  | Found a magical portal.
 77026 | WizLab   | Entered Zonguldrok's Shrine
 77147 | WizLab   | Identified the +2 shadow dragon scales "Numy" {rN++ Int+3
                  | Stlth++++}
 77167 | WizLab   | Got the Excursus on the Morgue
 77480 | Crypt:3  | Entered Level 3 of the Crypt
 77542 | Crypt:3  | Found the +2 hood of the Assassin {Detect Stab+ Stlth++}
 77603 | Crypt:3  | Found a staircase to the Tomb.
 77742 | Tomb:1   | Entered Level 1 of the Tomb of the Ancients
 77765 | Tomb:1   | Noticed a royal mummy
 77766 | Tomb:1   | Noticed a royal mummy
 77766 | Tomb:1   | Noticed a royal mummy
 77767 | Tomb:1   | Killed a royal mummy
 77768 | Tomb:1   | Killed a royal mummy
 77768 | Tomb:1   | Killed a royal mummy
 77769 | Tomb:1   | Noticed a royal mummy
 77771 | Tomb:1   | Noticed a royal mummy
 77778 | Tomb:1   | Killed a royal mummy
 77823 | Tomb:1   | Killed a royal mummy
 77826 | Tomb:1   | Noticed a royal mummy
 77830 | Tomb:1   | Killed a royal mummy
 77831 | Tomb:1   | Noticed a royal mummy
 77834 | Tomb:1   | Killed a royal mummy
 77834 | Tomb:1   | Noticed a royal mummy
 77837 | Tomb:1   | Killed a royal mummy
 77844 | Tomb:1   | Noticed a royal mummy
 77849 | Tomb:1   | Killed a royal mummy
 77906 | Tomb:1   | Identified the +2 helmet "Aqewniowna" {*Corrode Will+++
                  | Dex+3 SInv}
 77947 | Tomb:1   | Noticed a royal mummy
 77952 | Tomb:1   | Killed a royal mummy
 77953 | Tomb:1   | Reached skill level 15 in Armour
 77954 | Tomb:1   | Noticed a royal mummy
 77958 | Tomb:1   | Killed a royal mummy
 77990 | Tomb:1   | Noticed a royal mummy
 77990 | Tomb:1   | Noticed a royal mummy
 77991 | Tomb:1   | Killed a royal mummy
 77991 | Tomb:1   | Noticed a royal mummy
 77992 | Tomb:1   | Killed a royal mummy
 77994 | Tomb:1   | Killed a royal mummy
 78035 | Tomb:2   | Noticed a royal mummy
 78040 | Tomb:2   | Killed a royal mummy
 78047 | Tomb:2   | Noticed a royal mummy
 78050 | Tomb:2   | Noticed a royal mummy
 78052 | Tomb:2   | Killed a royal mummy
 78052 | Tomb:2   | Noticed a royal mummy
 78055 | Tomb:2   | Killed a royal mummy
 78055 | Tomb:2   | Killed a royal mummy
 78056 | Tomb:2   | Reached skill level 27 in Shapeshifting
 78060 | Tomb:2   | Reached skill level 1 in Evocations
 78116 | Tomb:2   | Reached skill level 5 in Evocations
 78311 | Tomb:3   | Entered Level 3 of the Tomb of the Ancients
 78323 | Tomb:3   | Noticed a royal mummy
 78324 | Tomb:3   | Identified the +0 robe "Qurhucuv" {Rampage rF++ rCorr
                  | Str-4}
 78326 | Tomb:3   | Noticed a royal mummy
 78327 | Tomb:3   | Killed a royal mummy
 78328 | Tomb:3   | Killed a royal mummy
 78328 | Tomb:3   | Noticed a royal mummy
 78329 | Tomb:3   | Reached skill level 10 in Evocations
 78330 | Tomb:3   | Killed a royal mummy
 78333 | Tomb:3   | Noticed a royal mummy
 78337 | Tomb:3   | Killed a royal mummy
 78346 | Tomb:3   | Noticed a royal mummy
 78346 | Tomb:3   | Noticed a royal mummy
 78347 | Tomb:3   | Noticed a royal mummy
 78348 | Tomb:3   | Noticed a royal mummy
 78349 | Tomb:3   | Killed a royal mummy
 78349 | Tomb:3   | Killed a royal mummy
 78349 | Tomb:3   | Noticed a royal mummy
 78350 | Tomb:3   | Killed a royal mummy
 78351 | Tomb:3   | Killed a royal mummy
 78351 | Tomb:3   | Killed a royal mummy
 78381 | Tomb:3   | Got a golden rune of Zot
 78406 | Tomb:3   | Found the +9 staff of Olgreb {rPois∞}
 78413 | Tomb:3   | Identified the staff "Sauch" {Contam Drain rElec rPois
                  | rC+++ Air}
 78414 | Tomb:3   | Identified the ring "Boaliy" {rPois rF+ rN++ Str-3 Slay+4}
 78428 | Tomb:3   | Identified the +2 ring mail of Atheism {Str+4}
 78443 | Tomb:3   | Identified the amulet "Isod" {RegenMP +Blink rElec Str-3
                  | Dex+7}
 78445 | Tomb:3   | Identified the amulet "Kurgh" {Spirit Rampage +Inv Int+3
                  | Stlth-}
 78449 | Tomb:3   | Identified the +1 troll leather armour of the Dragon
                  | {Regen+ Str+3 Dex+3 Stlth+}
 78453 | Tomb:3   | Identified the +0 helmet of the Northern Lights {rN+ Slay+2
                  | SInv}
 78527 | Tomb:3   | Identified the amulet of Olaryus {rN+ Regen+}
 78552 | Tomb:3   | Identified the +4 chain mail of Hairiness {rN+ MP+9}
 78939 | Pan      | Entered Pandemonium
 79021 | Pan      | Noticed Buan the pandemonium lord
 79021 | Pan      | Killed Buan the pandemonium lord
 79062 | Pan      | Found a runed translucent door.
 79064 | Pan      | Got a demonic rune of Zot
 79082 | Pan      | Reached skill level 15 in Evocations
 79123 | Pan      | Noticed Qonkeijo the pandemonium lord
 79127 | Pan      | Killed Qonkeijo the pandemonium lord
 79290 | Pan      | Noticed Toker the pandemonium lord
 79292 | Pan      | Killed Toker the pandemonium lord
 79310 | Pan      | Learned a level 8 spell: Lehudib's Crystal Spear
 79321 | Pan      | Entered the realm of Cerebov.
 79385 | Pan      | Identified the +5 war axe of Demonkind {heavy, Str+2 Int+3
                  | Dex-4}
 79409 | Pan      | Found the +6 sword of Cerebov {flame}
 79409 | Pan      | Noticed Cerebov
 79415 | Pan      | Killed Cerebov
 79456 | Pan      | Got a fiery rune of Zot
 79585 | Pan      | Identified the ring "Ritoxtevo" {Contam rC+ rN+++ Will-
                  | Int+8}
 80012 | Pan      | Found an exit through the horrors of the Abyss.
 80049 | Pan      | Entered the realm of Lom Lobon.
 80049 | Pan      | Noticed Lom Lobon
 80054 | Pan      | Killed Lom Lobon
 80113 | Pan      | Got a magical rune of Zot
 80181 | Pan      | Entered the realm of Gloorx Vloq.
 80269 | Pan      | Noticed Gloorx Vloq
 80273 | Pan      | Killed Gloorx Vloq
 80288 | Pan      | Got a dark rune of Zot
 80386 | Pan      | Noticed Miati the pandemonium lord
 80389 | Pan      | Killed Miati the pandemonium lord
 80506 | Pan      | Entered the realm of Mnoleg.
 80680 | Pan      | Noticed Mnoleg
 80684 | Pan      | Killed Mnoleg
 80722 | Pan      | Got a glowing rune of Zot
 80801 | Pan      | Noticed Ignacio
 80803 | Pan      | Killed Ignacio
 80825 | Pan      | Reached skill level 15 in Short Blades
 80913 | Pan      | Found an exit through the horrors of the Abyss.
 80922 | Pan      | Took an exit into the Abyss.
 80922 | Abyss:1  | Escaped into the Abyss
 81311 | Abyss:1  | Found a corrupted altar of Lugonu.
 81336 | Abyss:1  | Found a corrupted altar of Lugonu.
 81404 | Abyss:1  | Found a corrupted altar of Lugonu.
 81407 | Abyss:1  | Found a corrupted altar of Lugonu.
 81407 | Abyss:1  | Found a corrupted altar of Lugonu.
 81458 | Abyss:1  | Found a corrupted altar of Lugonu.
 81546 | Abyss:1  | Found a corrupted altar of Lugonu.
 81558 | Abyss:1  | Found a corrupted altar of Lugonu.
 81597 | Abyss:1  | Found a corrupted altar of Lugonu.
 81759 | Abyss:3  | Found a corrupted altar of Lugonu.
 81859 | Abyss:4  | Learned a level 1 spell: Apportation
 81861 | Abyss:4  | Found a corrupted altar of Lugonu.
 81867 | Abyss:4  | Got an abyssal rune of Zot
 81869 | Depths:2 | Escaped the Abyss
 81913 | Hell     | Entered the Vestibule of Hell
 81914 | Hell     | Noticed Geryon
 81917 | Hell     | Killed Geryon
 82007 | Hell     | Found a gateway to the freezing wastes of Cocytus.
 82018 | Coc:1    | Entered Level 1 of Cocytus
 82328 | Coc:7    | Entered Level 7 of Cocytus
 82477 | Coc:7    | Noticed a dread lich
 82480 | Coc:7    | Killed a dread lich
 82550 | Coc:7    | Noticed Antaeus
 82553 | Coc:7    | Killed Antaeus
 82579 | Coc:7    | Got an icy rune of Zot
 82584 | Coc:7    | Identified the ring "Ataxoff" {+Blink rPois rCorr Str+6
                  | Int-5}
 82613 | Coc:7    | Paralysed by a wendigo for 1 turns
 82643 | Coc:7    | Reached skill level 27 in Evocations
 82725 | Hell     | Found a gateway to the decaying netherworld of Tartarus.
 82732 | Tar:1    | Entered Level 1 of Tartarus
 82742 | Tar:2    | Noticed a juggernaut
 82744 | Tar:2    | Killed a juggernaut
 82759 | Tar:2    | Noticed a juggernaut
 82763 | Tar:2    | Killed a juggernaut
 82776 | Tar:2    | Noticed a juggernaut
 82779 | Tar:2    | Noticed a juggernaut
 82780 | Tar:2    | Killed a juggernaut
 82782 | Tar:2    | Killed a juggernaut
 82968 | Tar:4    | Lost strength.
 83692 | Tar:7    | Entered Level 7 of Tartarus
 83710 | Tar:7    | Noticed an ancient lich
 83714 | Tar:7    | Killed an ancient lich
 83790 | Tar:7    | Got a bone rune of Zot
 83868 | Hell     | Found a gateway to the ashen valley of Gehenna.
 83896 | Geh:1    | Entered Level 1 of Gehenna
 84234 | Geh:4    | You fall into a shaft and drop 2 floors!
 84491 | Geh:7    | Entered Level 7 of Gehenna
 84669 | Geh:7    | Identified the +2 robe "Qamempuh" {Harm rN+}
 85125 | Geh:7    | Found the +13 sceptre of Asmodeus
 85125 | Geh:7    | Noticed Asmodeus
 85133 | Geh:7    | Killed Asmodeus
 85195 | Geh:7    | Got an obsidian rune of Zot
 85306 | Hell     | Found a gateway to the Iron City of Dis.
 85329 | Dis:1    | Entered Level 1 of the Iron City of Dis
 85471 | Dis:4    | You fall into a shaft and drop 1 floor!
 85701 | Dis:6    | Reached skill level 27 in Conjurations
 85754 | Dis:6    | Found a burning altar of Makhleb.
 85774 | Dis:7    | Entered Level 7 of the Iron City of Dis
 85977 | Dis:7    | Noticed a juggernaut
 85980 | Dis:7    | Killed a juggernaut
 85982 | Dis:7    | Noticed Dispater
 85985 | Dis:7    | Killed Dispater
 85986 | Dis:7    | Noticed a juggernaut
 85989 | Dis:7    | Killed a juggernaut
 86000 | Dis:7    | Got an iron rune of Zot
 86177 | Zot:1    | Entered Level 1 of the Realm of Zot
 86550 | Zot:4    | Noticed Grunn
 86552 | Zot:4    | Killed Grunn
 86620 | Zot:5    | Entered Level 5 of the Realm of Zot
 87048 | Zot:5    | Noticed an orb of fire
 87120 | Zot:5    | Killed an orb of fire
 87127 | Zot:5    | Noticed an ancient lich
 87129 | Zot:5    | Killed an ancient lich
 87148 | Zot:5    | Noticed an orb of fire
 87151 | Zot:5    | Killed an orb of fire
 87177 | Zot:5    | Noticed an orb of fire
 87182 | Zot:5    | Killed an orb of fire
 87389 | Zot:5    | Noticed an orb of fire
 87393 | Zot:5    | Killed an orb of fire
 87406 | Zot:5    | Noticed an orb of fire
 87410 | Zot:5    | Killed an orb of fire
 87412 | Zot:5    | Noticed an orb of fire
 87427 | Zot:5    | Killed an orb of fire
 87478 | Zot:5    | Noticed a dread lich
 87481 | Zot:5    | Killed a dread lich
 87505 | Zot:5    | Noticed an orb of fire
 87507 | Zot:5    | Killed an orb of fire
 87711 | Zot:5    | Got the Orb of Zot
 88268 | D:$      | Escaped with the Orb!

Illustrated notes

Levels and vault maps discovered:
D:1:      mrwooster_arrival_statue_2, layout_loops_ring, minmay_tetromino_l4
D:2:      layout_basic, ebering_ecumenical_altar_box, uniq_natasha
D:3:      layout_basic, nicolae_grassy_gnolls
D:4:      layout_cave_pods
D:5:      minmay_goblin_kobold_castle, layout_rooms,
          mainiacjoe_overflow_chevrons, mainiacjoe_overflow_alcove_4,
          minmay_temple_entry_mist, nicolae_shop_i_like_big_books
D:6:      layout_basic, kennysheep_mini_moat,
          yredelemnul_forgotten_temple_becter, uniq_jeremiah, uniq_edmund
D:7:      layout_basic, mainiacjoe_overflow_concentric_impassable,
          regret_index_temple_of_mockery, dreamdust_mushroom_princess,
          uniq_prince_ribbit1, uniq_pikel
D:8:      layout_gridville, zin_purify, minmay_misc_feat_plants
D:9:      layout_roguey, mainiacjoe_overflow_24_doors, hangedman_ru_absence
D:10:     layout_long_grid, tgw_kikubaaqudgha
D:11:     layout_basic, erik_lair_island, hiddenorc1_lemuel, elyvilon_altar_5
D:12:     gammafunk_indiana_jones, layout_irregular_city, serial_shops, shop,
          serial_library_hellmonk_layered_room, uniq_lodul, uniq_psyche,
          uniq_fannar
D:13:     layout_basic, serial_shops, shop, serial_undead, serial_undead_c,
          serial_undead_b, serial_undead_b, serial_undead_b, serial_undead_c
D:14:     layout_rooms, david_vaults_4, serial_glass, glass_columns_c,
          glass_columns_a, glass_columns_a, glass_columns_a, glass_columns_a,
          glass_columns_a, glass_columns_b, glass_columns_a, dk_noncrumbling_4
D:15:     gammafunk_depths_entry_grave, layout_rooms, patterned_corridor,
          minivault_19, minmay_misc_feat_nine_boxes,
          nicolae_wu_jian_immortal_techniques
Temple:   bh_familiar_temple
Lair:1:   layout_regular_city, beast_lair_carwin_4, infiniplex_staircase_pool,
          lemuel_fruit_fields, uniq_urug
Lair:2:   layout_cave_pods, minmay_shoals_entry_lonely_mermaid,
          dummy_snake_entry
Lair:3:   nzn_winding_woodlands_three_and_one
          [nzn_winding_woodlands_5x15_lazy_stream,
          nzn_winding_woodlands_5x15_longhouse,
          nzn_winding_woodlands_5x15_split_checker,
          nzn_winding_woodlands_center_garden], layout_gridlike,
          cheibrodos_lair_reptile_den
Lair:4:   layout_cave_pods, minmay_slime_entry_eyes, nzn_ghost_randoct,
          uniq_snorg, uniq_sonja
Lair:5:   evilmike_catoblepas_cave, layout_hall_layers, st_stairs_5,
          gammafunk_lair_bear_cave, grunt_megastairs_3
Shoals:1: layout_shoals
Shoals:2: dreamdust_from_the_deep, layout_shoals
Shoals:3: layout_shoals, nicolae_shoals_water_booths
Shoals:4: shoals_end_grunt_ice, layout_shoals
Snake:1:  layout_onion, nicolae_snake_squiggles, serial_bayou_pond_a,
          serial_library_hellmonk_layered_room, uniq_josephine, uniq_aizul
Snake:2:  cheibrodos_snake_ritualist_ritual, layout_layer_cave, evilmike_ambush
          [evilmike_ambush_outer_basic, evilmike_ambush_inner_pond]
Snake:3:  layout_honeycomb, minmay_shoptagon
Snake:4:  grunt_snake_rune_serpentine_throne, layout_cave_town, uniq_vashnia
Slime:1:  layout_caves
Slime:2:  layout_caves
Slime:3:  layout_caves, cheibrodos_slime_lost_civilization_5
Slime:4:  layout_caves
Slime:5:  slime_pit
Orc:1:    layout_caves
Orc:2:    grunt_orc_community_town_hall, layout_diamond_mine,
          grunt_orc_community_big_house_1, grunt_orc_community_big_house_2,
          grunt_orc_community_house_2, grunt_orc_community_house_2,
          grunt_orc_community_house_2, grunt_orc_community_house_2,
          grunt_orc_community_house_3, portal_ice_cave_entry_ice_simulacra,
          nicolae_orc_damp_corner
Elf:1:    elf_arrival_001, layout_geoelf_octagon, serial_shops, shop,
          minmay_elf_demonology
Elf:2:    nicolae_elf_blades_crystal_corner, layout_rooms, serial_shops,
          nicolae_take_the_stairs, minmay_shop_grove, uniq_louise,
          uniq_asterion, uniq_donald
Elf:3:    elf_hall_gauntlet_wide, layout_loops_corners, serial_co_window_serial,
          co_window_paths_a, co_window_paths_a, co_window_paths_b,
          co_window_of_opportunity_a, co_window_corner_a,
          co_window_unsneaky_path_c, co_window_corner_b, co_window_corner_b,
          co_window_2corner, co_window_paths_d, glass_columns_c,
          glass_columns_b, glass_columns_b, serial_shops,
          nicolae_shop_tiny_glass
Vaults:1: nicolae_vaults_weapon_check, nicolae_vaults_big_ls,
          nicolae_vaults_trapezoid_lopsided_4, vaults_mumra_hex,
          nicolae_vaults_more_shelving_1, vaults_room_pool,
          nicolae_vaults_wrenched, layout_vaults_quadrants, serial_shops,
          nicolae_shop_stone, uniq_zenata
Vaults:2: nicolae_vaults_turnstiles, nicolae_vaults_theta,
          nicolae_vaults_trapezoid_3, nicolae_vaults_trapezoid_layered,
          serial_library_regret_index_headful, v_misc_29,
          ontoclasm_vaults_claustrophobia, v_misc_12,
          ontoclasm_vaults_loading_screen, nicolae_vaults_little_squares_6,
          layout_vaults_ring
Vaults:3: nicolae_vaults_spaceships, nicolae_vaults_alarming,
          ontoclasm_vaults_eye, nicolae_vaults_trapezoid_lopsided_2,
          vaults_standard_mumra_lines, dpeg_vaults_monster_row,
          nicolae_vaults_big_angled_halls, nicolae_vaults_mini_display_case,
          nicolae_vaults_oval_intersection, grunt_vaults_diagonal,
          vaults_dpeg_hooks, minmay_crypt_entry_simple_box,
          layout_vaults_chaotic_city, serial_shops, shop
Vaults:4: portal_desolation_entry_nicolae_forbidding_blocks,
          nicolae_vaults_trapezoid_layered, v_misc_2,
          nicolae_vaults_door_testing_chamber, vaults_dpeg_cross,
          nicolae_vaults_storage_room_statues, nicolae_vaults_tetromino_L_1,
          vaults_mumra_minichess_inversion, v_misc_10, nicolae_vaults_triangles,
          nicolae_vaults_little_squares_1, nicolae_vaults_statue_guard,
          layout_vaults_omnicross
Vaults:5
Crypt:1:  layout_gridlike, mu_enter_wizlab_7, grunt_megastairs_2
Crypt:2:  layout_regular_city
Crypt:3:  david_glass_crypt, layout_chaotic_city, tomb_entry_shell_bobbens,
          lemuel_hellish_altar
Tomb:1
Tomb:2
Tomb:3
Depths:1: minmay_strange_plus, layout_gridlike, minmay_misc_feat_hallway,
          hell_entry, hangedman_abyss_entry_splay, moated_statue,
          hangedman_abyss_or_decor_stagger, minmay_misc_feat_five,
          minmay_misc_feat_four_crosses, makhleb_altar_promises_db
Depths:2: minmay_the_grid_square_5x5_5x5 [minmay_the_grid_square_5x5_lines,
          minmay_the_grid_square_5x5_hollow_slash, minmay_the_grid_square_5x5_z,
          minmay_the_grid_square_5x5_detours, minmay_the_grid_square_5x5_three,
          minmay_the_grid_square_5x5_c, minmay_the_grid_square_5x5_prize_open,
          minmay_the_grid_square_5x5_three_small,
          minmay_the_grid_square_5x5_prize_waves,
          minmay_the_grid_square_5x5_eight_small,
          minmay_the_grid_square_5x5_trominoes, minmay_the_grid_square_5x5_six,
          minmay_the_grid_square_5x5_prize_gold,
          minmay_the_grid_square_5x5_tri_point,
          minmay_the_grid_square_5x5_misaligned,
          minmay_the_grid_square_5x5_corner,
          minmay_the_grid_square_5x5_prize_deathbox,
          minmay_the_grid_square_5x5_slash,
          minmay_the_grid_square_5x5_prize_monsterx,
          minmay_the_grid_square_5x5_minibox,
          minmay_the_grid_square_5x5_sharp_hourglass,
          minmay_the_grid_square_5x5_eight, minmay_the_grid_square_5x5_shrine1,
          minmay_the_grid_square_5x5_shrine2,
          minmay_the_grid_square_5x5_inner_z], layout_gridville,
          hangedman_tar_grid_catacomb, nicolae_figureground_sparkle,
          grunt_pan_entry_zigzag, infiniplex_staircase_zigzag_2, uniq_mara
Depths:3: grated_community_mu [grated_community_mu_vampire_home,
          grated_community_mu_giant_home, grated_community_mu_spellcaster_home,
          grated_community_mu_orcish_home, grated_community_mu_troll_home,
          grated_community_mu_taur_home, grated_community_mu_unbuilt_plot],
          layout_honeycomb, abyss_entry, hex_tiny, grunt_metal_band,
          grunt_guarded_unrand_obsidian_axe, minmay_staircase_bubble, uniq_boris
Depths:4: grunt_zot_entry_funnels, layout_gridlike, enter_ziggurat_a,
          nicolae_gozag_seed_capital, hell_entry, nicolae_transmutations_shop,
          slow_altar_1, serial_bayou_shore_b, kennysheep_random_hallway,
          uniq_sojobo, uniq_margery, uniq_frederick, uniq_mennas
Hell
Dis:1:    layout_subdivisions
Dis:2:    layout_gridville
Dis:3:    hangedman_dis_decor_blocks_crown, layout_jigsaw
Dis:4:    layout_jigsaw, nicolae_hells_seeping_fissure
Dis:5:    layout_subdivisions
Dis:6:    kennysheep_iron_temple, layout_gridville
Dis:7:    dis_grunt_layers
Geh:1:    layout_gehenna_lava_caves
Geh:2:    layout_gehenna_pools_triple
Geh:3:    layout_gehenna_pools_box
Geh:4:    layout_gehenna_lava_caves
Geh:6:    nicolae_geh_realm_of_the_lava_sea
Geh:7:    geh_hangedman
Coc:1:    layout_cocytus_delve, nicolae_coc_icebean_singular
          [nicolae_sub_coc_subbean]
Coc:2:    layout_cocytus_water_paths
Coc:3:    layout_ice_bergs
Coc:4:    nicolae_coc_through_the_icewall, layout_cocytus_water_paths
Coc:5:    layout_cocytus_water_paths
Coc:6:    layout_ice_bergs, nicolae_hells_seeping_fissure
Coc:7:    coc_hangedman
Tar:1:    layout_cathedral_of_symmetry
Tar:2:    nicolae_hells_titanomachy
Tar:3:    layout_honeycomb
Tar:4:    layout_grid_maze
Tar:5:    layout_grid_maze
Tar:6:    layout_grid_maze
Tar:7:    tar_old
Zot:1:    layout_misc_corridors, regret_index_zotdec_twisting_globes
Zot:2:    layout_misc_corridors, lemuel_baited_zot_trap
Zot:3:    layout_onion_interference, regret_index_zotdec_slimy_original
Zot:4:    layout_basic, grunt_ministairs_14, hangedman_zot_decor_slant,
          regret_index_zotdec_decaying_basic, bh_zot_levy_curve,
          nicolae_shop_clearance, uniq_josephina, uniq_tiamat, uniq_grunn
Zot:5:    layout_concentric_octagons

Skill      XL: |  1  2  3  4  5  6  7  8  9 10 11 12 13 14 15 16 17 18 19 20 21 22 23 24 25 26 27 |
---------------+----------------------------------------------------------------------------------+-----
Conjurations   | 3 4 5 6 7 8 9 10 11 12 14 15 16 18 19 27 | 27.0
Hexes          | 1 2 3 4 5 |  5.0
Spellcasting   | 3 4 5 6 8 11 13 14 16 17 18 19 20 21 22 23 24 27 | 27.0
Poison Magic   | 1 4 |  4.0
Translocations | 2 |  2.0
Dodging        | 4 6 7 8 10 12 13 15 16 17 27 | 27.0
Fighting       | 2 4 5 7 8 9 10 11 12 27 | 27.0
Fire Magic     | 2 5 7 9 11 13 16 18 19 20 | 20.0
Earth Magic    | 2 25 | 25.8
Necromancy     | 2 5 |  5.0
Shapeshifting  | 2 12 20 23 27 | 27.0
Air Magic      | 20 | 20.0
Stealth        | 27 | 27.0
Armour         | 18 | 18.0
Short Blades   | 17 | 17.7
Long Blades    | 12 | 12.3
Evocations     | 27 | 27.0

Action                     |  1- 3 |  4- 6 |  7- 9 | 10-12 | 13-15 | 16-18 | 19-21 | 22-24 | 25-27 || total
---------------------------+-------+-------+-------+-------+-------+-------+-------+-------+-------++-------
  Melee: Dagger            |       |     1 |   101 |    55 |    36 |       |       |       |       ||   193
         Whip              |       |       |       |       |    54 |    19 |       |       |       ||    73
         Staff             |       |       |       |       |       |       |     4 |    23 |    30 ||    57
         Quick blade       |       |       |       |       |       |       |       |       |    43 ||    43
         Headbutt          |       |       |       |       |       |       |       |       |    30 ||    30
         Katana            |       |       |       |       |       |       |       |       |     2 ||     2
   Fire: Orcbow            |       |       |       |       |       |       |     2 |       |       ||     2
  Throw: Dart              |       |       |       |     3 |     2 |       |       |       |       ||     5
   Cast: Magic Dart        |    58 |    96 |    46 |     1 |       |       |       |       |       ||   201
         Searing Ray       |    13 |    19 |    38 |       |       |       |       |       |       ||    70
         Fulminant Prism   |       |     8 |    61 |    18 |    15 |       |       |       |       ||   102
         Olgreb's Toxic Ra |       |       |    16 |    50 |    65 |     3 |       |       |       ||   134
         Stone Arrow       |       |       |     2 |    90 |    31 |    33 |    18 |     9 |       ||   183
         Iskenderun's Myst |       |       |       |    26 |    33 |    30 |    51 |    24 |     7 ||   171
         Fireball          |       |       |       |    66 |   447 |   434 |   147 |    15 |    20 ||  1129
         Orb of Destructio |       |       |       |       |     6 |    82 |    22 |    15 |       ||   125
         Ignition          |       |       |       |       |     2 |    91 |    86 |    12 |    25 ||   216
         Fire Storm        |       |       |       |       |       |       |   180 |   380 |   674 ||  1234
         Sublimation of Bl |       |       |       |       |       |       |     1 |   135 |    28 ||   164
         Shatter           |       |       |       |       |       |       |       |       |   701 ||   701
         Chain Lightning   |       |       |       |       |       |       |       |       |   192 ||   192
         Lehudib's Crystal |       |       |       |       |       |       |       |       |   114 ||   114
         Apportation       |       |       |       |       |       |       |       |       |     2 ||     2
Ability: Begin Untransform |       |       |       |       |       |       |       |       |    27 ||    27
  Evoke: Wand              |       |       |     1 |     2 |     7 |     1 |     1 |     1 |     3 ||    16
         Figurine of a zig |       |       |       |       |       |       |       |       |     1 ||     1
    Use: Scroll            |       |     7 |     7 |    10 |     5 |     1 |     9 |    13 |    32 ||    84
         Potion            |       |       |       |       |       |       |       |     1 |    47 ||    48
   Stab: Sleeping          |       |     1 |       |     1 |       |       |       |       |       ||     2
         Distracted        |       |       |     1 |       |       |       |       |       |       ||     1
 Armour: Robe              |     6 |     6 |    44 |    23 |    52 |    97 |    44 |    22 |   215 ||   509
  Dodge: Dodged            |    10 |     9 |   106 |    75 |   220 |   158 |    82 |    65 |   398 ||  1123
         Repelled          |       |       |       |       |     3 |     9 |     6 |     2 |     5 ||    25
  Block: Other             |       |     1 |    29 |     3 |       |       |       |       |       ||    33
         Reflection        |       |     1 |     5 |       |       |       |       |       |       ||     6
   Form: Death             |       |       |       |       |       |       |       |       |    27 ||    27

Table legend: (Time is in decaauts)
 A = Elapsed time spent in this place.
 B = Non-inter-level travel time spent in this place.
 C = Inter-level travel time spent in this place.
 D = Time resting spent in this place.
 E = Time spent auto-exploring this place.
 F = Levels seen in this place.
 G = Mean time per level.
                   A        B        C        D        E       F      G
               +--------+--------+--------+--------+--------+-----+--------+
         Total |  68542 |  64582 |   3960 |  10522 |  35185 | 163 |  420.5 |
       Dungeon |  17051 |  15500 |   1551 |   2126 |   9811 |  15 | 1136.7 |
        Temple |     11 |     11 |      0 |      0 |      0 |   1 |   11.0 |
          Lair |   6297 |   5736 |    561 |    801 |   4081 |   5 | 1259.4 |
        Shoals |   4643 |   4551 |     92 |    485 |   3181 |   4 | 1160.8 |
     Snake Pit |   6096 |   5800 |    296 |    993 |   3772 |   4 | 1524.0 |
    Slime Pits |   2485 |   2335 |    150 |   1365 |    318 |   5 |  497.0 |
  Orcish Mines |   1684 |   1557 |    127 |    206 |    879 |   2 |  842.0 |
   Elven Halls |   3995 |   3770 |    225 |   1061 |   1973 |   3 | 1331.7 |
        Vaults |   6600 |   6293 |    307 |    326 |   4936 |   5 | 1320.0 |
         Crypt |    545 |    495 |     50 |     52 |     63 |   3 |  181.7 |
          Tomb |    663 |    633 |     30 |      6 |     75 |   3 |  221.0 |
        Depths |   6294 |   5854 |    440 |    282 |   4257 |   4 | 1573.5 |
          Hell |    244 |    235 |      9 |     48 |     44 |   1 |  244.0 |
           Dis |    558 |    534 |     24 |    137 |     26 |   7 |   79.7 |
       Gehenna |    948 |    933 |     15 |    158 |    211 |   6 |  158.0 |
       Cocytus |    525 |    525 |      0 |    151 |     48 |   7 |   75.0 |
      Tartarus |   1057 |   1057 |      0 |    594 |    192 |   7 |  151.0 |
           Zot |   1157 |   1080 |     77 |    283 |    304 |   5 |  231.4 |
         Abyss |    598 |    598 |      0 |      0 |    176 |   4 |  149.5 |
   Pandemonium |   1439 |   1439 |      0 |    229 |    187 |  15 |   95.9 |
      Ziggurat |   4203 |   4203 |      0 |    839 |    230 |  54 |   77.8 |
      Ice Cave |    599 |    599 |      0 |    283 |    135 |   1 |  599.0 |
        Wizlab |    114 |    114 |      0 |      0 |      0 |   1 |  114.0 |
    Desolation |    728 |    728 |      0 |     92 |    276 |   1 |  728.0 |
               +--------+--------+--------+--------+--------+-----+--------+

Top non-repeatable levels by time:
Depths:3: 1986 daAuts
 Snake:4: 1973 daAuts
Depths:2: 1967 daAuts
    D:12: 1955 daAuts
   Elf:3: 1917 daAuts
 Snake:3: 1694 daAuts
Vaults:3: 1691 daAuts
  Lair:3: 1569 daAuts
     D:4: 1490 daAuts
Vaults:1: 1456 daAuts
     D:5: 1451 daAuts
Depths:4: 1446 daAuts
Shoals:2: 1442 daAuts
 Snake:2: 1415 daAuts
  Lair:2: 1365 daAuts
